Workbook
Name \a: #REF!
Name \b: [1]INSUMOS!#REF!
Name \c: #REF!
Name \i: [1]INSUMOS!#REF!
Name \L: #REF!
Name \m: [1]INSUMOS!#REF!
Name \P: #REF!
Name \q: #REF!
Name \r: [1]INSUMOS!#REF!
Name \s: #REF!
Name \t: [1]INSUMOS!#REF!
Name \w: #N/A
Name \x: [1]INSUMOS!#REF!
Name _______________AFC1: [2]INV!$A$25:$D$28
Name _______________AFC3: [2]INV!$F$25:$I$28
Name _______________AFC5: [2]INV!$K$25:$N$28
Name _______________BGC1: [2]INV!$A$5:$D$8
Name _______________BGC3: [2]INV!$F$5:$I$8
Name _______________BGC5: [2]INV!$K$5:$N$8
Name _______________CAC1: [2]INV!$A$19:$D$22
Name _______________CAC3: [2]INV!$F$19:$I$22
Name _______________CAC5: [2]INV!$K$19:$N$22
Name _______________oa55: #REF!
Name _______________SBC1: [2]INV!$A$12:$D$15
Name _______________SBC3: [2]INV!$F$12:$I$15
Name _______________SBC5: [2]INV!$K$12:$N$15
Name ______________AFC1: [2]INV!$A$25:$D$28
Name ______________AFC3: [2]INV!$F$25:$I$28
Name ______________AFC5: [2]INV!$K$25:$N$28
Name ______________BGC1: [2]INV!$A$5:$D$8
Name ______________BGC3: [2]INV!$F$5:$I$8
Name ______________BGC5: [2]INV!$K$5:$N$8
Name ______________CAC1: [2]INV!$A$19:$D$22
Name ______________CAC3: [2]INV!$F$19:$I$22
Name ______________CAC5: [2]INV!$K$19:$N$22
Name ______________oa55: #REF!
Name ______________SBC1: [2]INV!$A$12:$D$15
Name ______________SBC3: [2]INV!$F$12:$I$15
Name ______________SBC5: [2]INV!$K$12:$N$15
Name _____________AFC1: [2]INV!$A$25:$D$28
Name _____________AFC3: [2]INV!$F$25:$I$28
Name _____________AFC5: [2]INV!$K$25:$N$28
Name _____________BGC1: [2]INV!$A$5:$D$8
Name _____________BGC3: [2]INV!$F$5:$I$8
Name _____________BGC5: [2]INV!$K$5:$N$8
Name _____________CAC1: [2]INV!$A$19:$D$22
Name _____________CAC3: [2]INV!$F$19:$I$22
Name _____________CAC5: [2]INV!$K$19:$N$22
Name _____________oa55: #REF!
Name _____________SBC1: [2]INV!$A$12:$D$15
Name _____________SBC3: [2]INV!$F$12:$I$15
Name _____________SBC5: [2]INV!$K$12:$N$15
Name ____________AFC1: [2]INV!$A$25:$D$28
Name ____________AFC3: [2]INV!$F$25:$I$28
Name ____________AFC5: [2]INV!$K$25:$N$28
Name ____________BGC1: [2]INV!$A$5:$D$8
Name ____________BGC3: [2]INV!$F$5:$I$8
Name ____________BGC5: [2]INV!$K$5:$N$8
Name ____________CAC1: [2]INV!$A$19:$D$22
Name ____________CAC3: [2]INV!$F$19:$I$22

Sheet Ingeniero y obra
A1: FIRMA: | B1: ------
B2: INGENIERO CIVIL
B3: MAT. PROF. XXXXXXXXX TLM
A5: OBRA | B5: "REALIZAR OBRAS DE MANTENIMIENTO A LAS SEDES DONDE FUNCIONA LA DIRECCION REGIONAL Y DEL CENTRO DE LA INDUSTRIA, LA EMPRESA Y LOS SERVICIOS DEL SENA REGIONAL HUILA "

Sheet Transporte
B2: =+'Ingeniero y obra'!B5 -> "REALIZAR OBRAS DE MANTENIMIENTO A LAS SEDES DONDE FUNCIONA LA DIRECCION REGIONAL Y DEL CENTRO DE LA INDUSTRIA, LA EMPRESA Y LOS SERVICIOS DEL SENA REGIONAL HUILA "
B3: TRANSPORTES
B5: ITEM | C5: DESCRIPCION | D5: UND | E5: VR/UNIT | F5: POR VOLUMEN | G5: PROVEEDOR
B6: 1 | C6: TRANSPORTES
B7: 1.1 | C7: TRANSPORTE | D7: TARIFA | E7: 1550
B8: 1.2 | C8: TRANSPORTE DE ESCOMBROS | D8: TARIFA | E8: =+E7 -> 1550
B9: 1.3 | C9: DISPOSICIÓN DE ESCOMBROS EN SITIO AUTORIZADO | D9: TARIFA | E9: 5850 | F9: 3997
B10: 1.4 | C10: TRANSPORTE DE MATERIAL PETREO | D10: TARIFA | E10: =+E7 -> 1550

Sheet PRESUPUESTO ITEM IMPREVISTOS
A2: OBJETO: | D2: =+'Ingeniero y obra'!B5 -> "REALIZAR OBRAS DE MANTENIMIENTO A LAS SEDES DONDE FUNCIONA LA DIRECCION REGIONAL Y DEL CENTRO DE LA INDUSTRIA, LA EMPRESA Y LOS SERVICIOS DEL SENA REGIONAL HUILA "
A4: PRESUPUESTO DE OBRA
A5: ITEM | B5: DESCRIPCIÓN | E5: UNIDAD | F5: CANTIDAD | G5: V. UNITARIO | H5: V. TOTAL
A6: 1 | B6: ITEM NUEVOS
A7: 1.1 | B7: Suministro e instalacion de puerta en vidrio templano de e:10 mm de 0,75mtx 2,20 , incluye accesorios de instalacion ( esquineros , bisagras y manijas ) y pelicula con imagen corporativa(similar al existente) | E7: UND | F7: 1 | G7: =+APU!I38 -> 2600000 | H7: =+ROUND(F7*G7,0) -> 2600000
A8: 1.2 | B8: Suministro e Instalación de GRANIPLAST ESGRAFIADO para acabados de muros exteriores de ambientes de formación y radicación de correspondencia de la sede Comercio. H=1.60 | E8: ML | F8: 1 | G8: =+APU!I71 -> 38238 | H8: =+ROUND(F8*G8,0) -> 38238
A9: 1.3 | B9: Mantenimiento de viga canal metalica de 0.25m x 0.25m , incluye limpieza general , Pintura con anticorrosivo con acabado rojo oxido en la parte exterior , soldadura y masilla para las partes deterioradas y mortero de nivelacion viga de soporte. | E9: ML | F9: 1 | G9: =+APU!I111 -> 36745 | H9: =+ROUND(F9*G9,0) -> 36745 | K9: =35*6 -> 210 | L9: =+(0.82*2.9) -> 2.378 | M9: =+K9/L9 -> 88.309504
A10: 1.4 | B10: Suministro e instalación de cárcamo para recolección de aguas lluvias, incluye excavación de ( 0,5x0,3) ,muros perimetrales y base en concreto de 3000 psi de E: 10cm , reforzado con varilla de 3/8” cada 15cm , rejilla metálica con marco en ángulos longitudinal de 1"X1/8” y varilla de 3/8” transversales cada 3cm | E10: ML | F10: 1 | G10: =+APU!I149 -> 603064 | H10: =+ROUND(F10*G10,0) -> 603064 | L10: =7.95+0.1+1 -> 9.05
A11: 1.5 | B11: Suministro e instalación de estructura para cubierta metálicas en tubo cuadrado de 3CM x 3CM Calibre 18 , incluye angulo de 2 x 3/16 , soldadura E60/13 332 ,tornillos de fijación y acabado en anticorrosivo | E11: ML | F11: 1 | G11: =+APU!I190 -> 70913 | H11: =+ROUND(F11*G11,0) -> 70913 | K11: 70913
A12: 1.6 | B12: Suministro e instalacion de cambio de red de aguas lluvias de gres a PVCS de 4", incruye tuberia de 4", accesorios, cama de arena, excavacion y desmonte e intancion de adoquines existente | E12: ML | F12: 1 | G12: =+APU!I228 -> 135834 | H12: =+ROUND(F12*G12,0) -> 135834 | K12: 135834
A13: 1.7 | B13: Suministro e instalacion de PLACA TRANSLÚCIDA PLANA DE POLICARBONATO (lamina alveolar) de 6mm, con filtro solar (color humo ) o similar , incluye cinta de sellado, tornillo,perfil clip HCP y concector h (perfil en H y en U ) y todo lo necesario para su correcta instalacion) | E13: M2 | F13: 1 | G13: =+APU!I263 -> 119411 | H13: =+ROUND(F13*G13,0) -> 119411 | K13: 119411
A14: 1.8 | B14: Suministro e instalacion de mortero de nivelacion impermeabilizado con aditivo liquido integral , taponador de poros y capilares dosificarlo al 3% del peso del cemento, en morteros. de 1:4 de E: 5cm | E14: M2 | F14: 1 | G14: =+APU!I297 -> 48483 | H14: =+ROUND(F14*G14,0) -> 48483
A15: 1.9 | B15: Desmonte , mantenimiento y reinstalacion de divisiones en acero inoxidable ( sokoda ) del baño de instructores , incluye chazos para anclaje , remaches y pasadores | E15: M2 | F15: 1 | G15: =+APU!I331 -> 47981 | H15: =+ROUND(F15*G15,0) -> 47981
A16: 1.10 | B16: mantenimiento de sosco de 4" en lamina galvanizada calibre 22 , incluye retiro del existente desde canaleta a bajante , soldadura , cinta de remate y accesorios sanitario para conectar al bajante existente | E16: UND | F16: 1 | G16: =+APU!I370 -> 103564.5 | H16: =+ROUND(F16*G16,0) -> 103565 | K16: =28*5.5 -> 154
B17: Suministro e instalacion de caballete fijo articulado en asbesto cemento ,para teja ondulada No 5,6,7 ,8 incluye ganchos de fijacion | E17: UND | G17: =+APU!#REF! -> #REF! | H17: =+ROUND(F17*G17,0) -> #REF! | K17: =+(3*0.92) -> 2.76 | L17: =+K16/K17 -> 55.797101
B18: SUBTOTAL CAPITULO | H18: =SUM(H7:H16) -> 3804234
B20: VALOR COSTO DIRECTO | H20: =+H18 -> 3804234
B21: VALOR COSTO INDIRECTO | H21: =SUM(H22:H25) -> 979970.11
B22: ADMINISTRACIÓN | F22: 0.2 | H22: =+ROUND($H$20*F22,0) -> 760847 | M22: =(7.95)*(2.25) -> 17.8875
B23: IMPREVISTOS | F23: 0.01 | H23: =+ROUND($H$20*F23,0) -> 38042
B24: UTILIDAD | F24: 0.04 | H24: =+ROUND($H$20*F24,0) -> 152169
B25: IVA SOBRE UTILIDAD | F25: 0.19 | H25: =+H24*F25 -> 28912.11 | K25: =18900/2.1 -> 9000
B26: VALOR TOTAL PROYECTO | H26: =+H20+H21 -> 4784204.1
A40: pendiente:
A41: detalles cajas
A42: falta angulos de tapas de inspeccion
A43: dettale de murete
A44: apu poste luminaria de baja tensión.

Sheet PROGRAMACION DE OBRA
C2: FECHA DE INICIO | H2: 44830
C3: SEMANA | H3: 0
B6: CONSTRUCCION DE CENTRO ASISTENCIAL | K6: MES 1 | AM6: MES 2
K7: =K8 -> 44830 | R7: =R8 -> 44837 | Y7: =Y8 -> 44844 | AF7: =AF8 -> 44851 | AM7: =AM8 -> 44858 | AT7: =AT8 -> 44865 | BA7: =BA8 -> 44872 | BH7: =BH8 -> 44879
B8: TIEMPO PROGRAMADO | D8: 2 MESES | K8: =H2+H3*7 -> 44830 | L8: =K8+1 -> 44831 | M8: =L8+1 -> 44832 | N8: =M8+1 -> 44833 | O8: =N8+1 -> 44834 | P8: =O8+1 -> 44835 | Q8: =P8+1 -> 44836 | R8: =Q8+1 -> 44837 | S8: =R8+1 -> 44838 | ... AS8: =AR8+1 -> 44864 | AT8: 44865 | AU8: =AT8+1 -> 44866 | AV8: =AU8+1 -> 44867 | AW8: =AV8+1 -> 44868 | AX8: =AW8+1 -> 44869 | AY8: =AX8+1 -> 44870 | AZ8: =AY8+1 -> 44871 | BA8: =AZ8+1 -> 44872 | BB8: =BA8+1 -> 44873 | ... BN8: =BM8+1 -> 44885
B9: ITEM | C9: Descripción | D9: UNIDAD | E9: CANTIDAD | F9: V/UNITARIO | G9: V/TOTAL | H9: Inicio | I9: Duración | J9: Fin | K9: =UPPER(LEFT(TEXT(K8,"ddd"),1)) -> L | L9: =UPPER(LEFT(TEXT(L8,"ddd"),1)) -> M | M9: =UPPER(LEFT(TEXT(M8,"ddd"),1)) -> M | N9: =UPPER(LEFT(TEXT(N8,"ddd"),1)) -> J | O9: =UPPER(LEFT(TEXT(O8,"ddd"),1)) -> V | P9: =UPPER(LEFT(TEXT(P8,"ddd"),1)) -> S | Q9: =UPPER(LEFT(TEXT(Q8,"ddd"),1)) -> D | R9: =UPPER(LEFT(TEXT(R8,"ddd"),1)) -> L | ... BN9: =UPPER(LEFT(TEXT(BN8,"ddd"),1)) -> D
B10: 1 | C10: ACTIVIDADES PRELIMINARES
B11: 1.1 | C11: Localización y replanteo | D11: M2 | E11: 150.1722 | F11: 3127 | G11: =+ROUND((E11*F11),0) -> 469588 | H11: 44833 | I11: 2 | J11: =I11+H11 -> 44835
B12: 1.2 | C12: Limpieza y descapote | D12: M2 | E12: 150.1722 | F12: 7800 | G12: =+ROUND((E12*F12),0) -> 1171343 | H12: 44830 | I12: 3 | J12: =I12+H12 -> 44833
B13: 2 | C13: MOVIMIENTO DE TIERRA, RELLENOS Y OBRAS COMPLEMENTARIAS
B14: 2.1 | C14: Excavación manual de material común | D14: M3 | E14: 19.5754 | F14: 37551 | G14: =+ROUND((E14*F14),0) -> 735076 | H14: 44835 | I14: 5 | J14: =I14+H14 -> 44840
B15: 2.2 | C15: Relleno en material de recebo para Nivelacion | D15: M3 | E15: 17.8424 | F15: 68838 | G15: =+ROUND((E15*F15),0) -> 1228235 | H15: 44845 | I15: 3 | J15: =I15+H15 -> 44848
B16: 3 | C16: CIMENTACION
B17: 3.1 | C17: Solado de limpieza Concreto 2500 psi e=0,05 mts | D17: ML | E17: 61.84 | F17: 17757 | G17: =+ROUND((E17*F17),0) -> 1098093 | H17: 44837 | I17: 3 | J17: =I17+H17 -> 44840
B18: 3.2 | C18: Zapatas en Concreto de 3000 Psi de Seccion transversal de 1mt x1mt x0,35mt , No incluye acero de refuerzo | D18: UND | E18: 12 | F18: 422938 | G18: =+ROUND((E18*F18),0) -> 5075256 | H18: 44839 | I18: 3 | J18: =I18+H18 -> 44842
B19: 4 | C19: ELEMENTOS EN CONCRETO
B20: 4.1 | C20: Acero de refuerzo de 60000 P.s.I | D20: KG | E20: 4290.213 | F20: 10405 | G20: =+ROUND((E20*F20),0) -> 44639666 | H20: 44835 | I20: 36 | J20: =I20+H20 -> 44871
B21: 4.2 | C21: Viga de Cimentacion en concreto de 3.000 PSI de 0.35 x 0.35 m , no incluye aceros | D21: ML | E21: 61.84 | F21: 111151 | G21: =+ROUND((E21*F21),0) -> 6873578 | H21: 44841 | I21: 5 | J21: =I21+H21 -> 44846
B22: 4.3 | C22: Columna en concreto de 3.000 PSI de 0.30 x 0.30 m , no incluye aceros | D22: ML | E22: 63.12 | F22: 100572 | G22: =+ROUND((E22*F22),0) -> 6348105 | H22: 44846 | I22: 6 | J22: =I22+H22 -> 44852
B23: 4.4 | C23: Viga en concreto de 3.000 PSI de 0.30 x 0.30 m , no incluye aceros | D23: ML | E23: 123.68 | F23: 103117 | G23: =+ROUND((E23*F23),0) -> 12753511 | H23: 44852 | I23: 9 | J23: =I23+H23 -> 44861
B24: 4.5 | C24: Viguetas en concreto de 3.000 PSI de 0.30 x 0.10 m , no incluye aceros | D24: ML | E24: 100.73 | F24: 49104 | G24: =+ROUND((E24*F24),0) -> 4946246 | H24: 44855 | I24: 6 | J24: =I24+H24 -> 44861
B25: 4.6 | C25: Construccion de placa de entrepiso alijerada en caseton de icopor en concreto de 3000 psi de 5 cm , incluye aceros de refuerzo en malla electrosoldada de 6mm | D25: M2 | E25: 110.2516 | F25: 225081 | G25: =+ROUND((E25*F25),0) -> 24815540 | H25: 44856 | I25: 5 | J25: =I25+H25 -> 44861
C26: SUBTOTAL CAPITULO | G26: =SUM(G20:G25) -> 100376646 | J26: =I26+H26 -> 0
B27: 5 | C27: MUROS Y PAÑETES
B28: 5.1 | C28: Instalacion de mamposteria en ladrillo No 5 e:12cm | D28: M2 | E28: 217.9392 | F28: 58263 | G28: =+ROUND((E28*F28),0) -> 12697792 | H28: 44865 | I28: 15 | J28: =I28+H28 -> 44880
B29: 5.2 | C29: Instalacion de Pañete para muros 1:4, incluye filos y carteras | D29: M2 | E29: 381.9396 | F29: 26634 | G29: =+ROUND((E29*F29),0) -> 10172579 | H29: 44873 | I29: 11 | J29: =I29+H29 -> 44884
C30: SUBTOTAL CAPITULO | G30: =SUM(G28:G29) -> 22870371 | I30: 27 | J30: =I30+H30 -> 27
B31: 6 | C31: PISOS
B32: 6.1 | C32: Construccion de placa de contrapiso en concreto 3000 Psi, E=0,10 Mts incluye malla electrosoldada 5mm | D32: M2 | E32: 92.7146 | F32: 82074 | G32: =+ROUND((E32*F32),0) -> 7609458 | H32: 44851 | I32: 4 | J32: =I32+H32 -> 44855
B33: 6.2 | C33: Instalación de mortero 1:4 e=5 cms para de nivelacion | D33: M2 | E33: 185.4292 | F33: 37335 | G33: =+ROUND((E33*F33),0) -> 6922999 | I33: 30 | J33: =I33+H33 -> 30
C34: SUBTOTAL CAPITULO | G34: =SUM(G32:G33) -> 14532457 | I34: 31 | J34: =I34+H34 -> 31
B35: 7 | C35: INSTALACIONES ELÉCTRICAS
B36: 7.1 | C36: Instalacion de Punto electrico salida toma 110 V , incluye materiales de conexión | D36: UND | E36: 30 | F36: 79456 | G36: =+ROUND((E36*F36),0) -> 2383680 | I36: 15 | J36: =I36+H36 -> 15
B37: 7.2 | C37: Instalacion de Punto electrico salida alumbrado 110v , incluye materiales de conexión | D37: UND | E37: 15 | F37: 94332 | G37: =+ROUND((E37*F37),0) -> 1414980 | I37: 34 | J37: =I37+H37 -> 34
B38: 7.3 | C38: comsuministro e instalacion de acometida electrica incluye herramienta, equipo, material y mano de obra necesaria | D38: UND | E38: 1 | F38: 1800000 | G38: =+ROUND((E38*F38),0) -> 1800000 | I38: 35 | J38: =I38+H38 -> 35
C39: SUBTOTAL CAPITULO | G39: =SUM(G36:G38) -> 5598660 | I39: 36 | J39: =I39+H39 -> 36
B40: 8 | C40: INSTALACIONS HIDROSANITARIAS
B41: 8.1 | C41: Instalacion de Punto Hidraulico 1/2", incluye accesorios | D41: UND | E41: 12 | F41: 47231 | G41: =+ROUND((E41*F41),0) -> 566772 | H41: 44851 | I41: 5 | J41: =I41+H41 -> 44856
B42: 8.2 | C42: Instalacion de Punto Sanitario PVC Sanitaria 2" , incluye accesorios | D42: UND | E42: 6 | F42: 67027 | G42: =+ROUND((E42*F42),0) -> 402162 | H42: 44848 | I42: 5 | J42: =I42+H42 -> 44853
B43: 8.3 | C43: Instalacion de Punto Sanitario PVC Sanitaria 3" , incluye accesorios | D43: UND | E43: 3 | F43: 79427 | G43: =+ROUND((E43*F43),0) -> 238281 | H43: 44850 | I43: 5 | J43: =I43+H43 -> 44855
B44: 8.4 | C44: Instalacion de Punto Sanitario PVC Sanitaria 4" , incluye accesorios | D44: UND | E44: 3 | F44: 96027 | G44: =+ROUND((E44*F44),0) -> 288081 | H44: 44852 | I44: 4 | J44: =I44+H44 -> 44856
B45: 8.5 | C45: Instalacion de Red Sanitaria PVC Sanitaria 4" , incluye accesorios | D45: ML | E45: 40 | F45: 40073 | G45: =+ROUND((E45*F45),0) -> 1602920 | H45: 44854 | I45: 5 | J45: =I45+H45 -> 44859
B46: 8.6 | C46: Suministro e instalación de Acometida domiciliaria de 3" a 1/2". (Incluye tubería PVC, registros collar de derivación y accesorios) Long. prom. hasta 6.5 m | D46: UND | E46: 1 | F46: 440000 | G46: =+ROUND((E46*F46),0) -> 440000 | H46: 44837 | I46: 2 | J46: =I46+H46 -> 44839
C47: SUBTOTAL CAPITULO | G47: =SUM(G41:G46) -> 3538216
B48: 9 | C48: CUBIERTA
B49: 9.1 | C49: Instalacion de cubierta en teja master 1000 , no incluye estructura de soporte | D49: M2 | E49: 65.6015 | F49: 65796 | G49: =+ROUND((E49*F49),0) -> 4316316 | H49: 44879 | I49: 2 | J49: =I49+H49 -> 44881
B50: 9.2 | C50: Instalacion de estructura de cubierta en PERFIL PHR C 160X60X1.5mm , con acabado en anticorrosivo , Incluye templetes | D50: ML | E50: 56.7 | F50: 51198 | G50: =+ROUND((E50*F50),0) -> 2902927 | H50: 44881 | I50: 3 | J50: =I50+H50 -> 44884
B51: 9.3 | C51: Suministro e instalación de canal en lámina galvanizada calibre 22 de 0,25x0,25 mt , incluye soporte y accesorios para su instalación | D51: ML | E51: 13.2 | F51: 110998 | G51: =+ROUND((E51*F51),0) -> 1465174 | H51: 44883 | I51: 1 | J51: =I51+H51 -> 44884

Sheet A.I.U
B2: OBJETO | D2: =+'Ingeniero y obra'!B5 -> "REALIZAR OBRAS DE MANTENIMIENTO A LAS SEDES DONDE FUNCIONA LA DIRECCION REGIONAL Y DEL CENTRO DE LA INDUSTRIA, LA EMPRESA Y LOS SERVICIOS DEL SENA REGIONAL HUILA "
B3: ANALISIS A.I.U
B5: DEPARTAMENTO | E5: =[110]DATOS!C4 -> HUILA
B6: MUNICIPIO | E6: NEIVA
B7: COSTO DIRECTO | E7: =+'PRESUPUESTO ITEM IMPREVISTOS'!H20 -> 3804234
B8: COSTO INDIRECTO (A.I.U) | E8: =+'PRESUPUESTO ITEM IMPREVISTOS'!H25 -> 28912.11
B9: COSTO TOTAL OBRA | E9: =SUM(E7:K8) -> 3833146.1
B10: VALOR TOTAL PROYECTO | E10: =+E9 -> 3833146.1
B11: DURACION DEL PROYECTO EN MESES | E11: 3
B12: No. | C12: DESCRIPCION | D12: UNIDAD | E12: CANT | F12: TIEMPO (mes) | G12: FACTOR PARAFISCALES Y PRESTACIONES | H12: % DEDICACION | I12: VALOR UNITARIO (SALARIO) | J12: VALOR PARCIAL | K12: %
B13: I | C13: ADMINISTRACION [ A ] | J13: =+ROUND(J14+J18+J22+J26,0) -> 42125669 | K13: =(J13/E7) -> 11.073364
B14: 1.0 | C14: PERSONAL DE OBRA | J14: =+ROUND(SUM(J15:J17),0) -> 29237760 | K14: =J14/$E$7 -> 7.685584
B15: 1.1 | C15: Director de obra | D15: un | E15: 1 | F15: =$E$11 -> 3 | G15: 1.6804 | H15: 0.5 | I15: 3800000 | J15: =+E15*F15*G15*H15*I15 -> 9578280
B16: 1.2 | C16: Residente de obra civil | D16: un | E16: 1 | F16: =$E$11 -> 3 | G16: =+G15 -> 1.6804 | H16: 1 | I16: 2900000 | J16: =+E16*F16*G16*H16*I16 -> 14619480
B17: 1.5 | C17: Almacenista | D17: un | E17: 1 | F17: =$E$11 -> 3 | G17: 1.68 | H17: 1 | I17: 1000000 | J17: =+E17*F17*G17*H17*I17 -> 5040000
B18: 2 | C18: COSTOS DE OFICINA, CAMPAMENTOS E INSTALACIONES PROVISIONALES | J18: =+ROUND(SUM(J19:J21),0) -> 5400000 | K18: =J18/$E$7 -> 1.419471
B19: 3.1 | C19: Campamento, servivico de caseta | D19: mes | E19: 1 | F19: =+$E$11 -> 3 | I19: 850000 | J19: =I19*E19*F19 -> 2550000
B20: 3.3 | C20: Equipo de computo e impresoras | D20: mes | E20: 1 | F20: =+$E$11 -> 3 | I20: 650000 | J20: =I20*E20*F20 -> 1950000
B21: 3.4 | C21: Comunicaciones ( Internet, Telefonia ) | D21: mes | E21: 1 | F21: =+$E$11 -> 3 | I21: 300000 | J21: =+E21*F21*I21 -> 900000
B22: 4.0 | C22: OTROS GASTOS GENERALES | J22: =+ROUND(SUM(J23:J25),0) -> 6900000 | K22: =J22/$E$7 -> 1.8137686
B23: 4.1 | C23: Laboratorio para ensayos de concretos, morteros, suelos y otros que sean requeridos | D23: mes | E23: 1 | F23: =+$E$11 -> 3 | I23: 1350000 | J23: =I23*E23*F23 -> 4050000
B24: 4.2 | C24: Papeleria (Planos, fotocopias, impresiones) | D24: mes | E24: 1 | F24: =+$E$11 -> 3 | I24: 550000 | J24: =+E24*F24*I24 -> 1650000
B25: 4.3 | C25: Valla informativa del proyecto (2,00x3,00 mts) banner diseño SGR con estructura metalica de soporte | D25: und | E25: 1 | I25: 1200000 | J25: =+I25*E25 -> 1200000
B26: 5 | C26: POLIZAS, IMPUESTOS Y LEGALIZACIÓN DEL CONTRATO | J26: =+ROUND(SUM(J28:J33),0) -> 587909 | K26: =J26/E7 -> 0.1545407
C28: Polizas (Todas las polizas) | D28: % | E28: 0.013 | J28: =+E28*$E$9 -> 49830.899
C29: Estampillas | D29: % | E29: 0.065 | J29: =+E29*$E$9 -> 249154.5
C30: Ley 1106/2006 | D30: % | E30: 0.05 | J30: =+E30*$E$9 -> 191657.31
C31: Reteción en la fuente | D31: % | E31: 0.02 | J31: =+E31*$E$9 -> 76662.922
C32: Industria y Comercio | D32: % | E32: 0.005 | J32: =+E32*$E$9 -> 19165.731
C33: Sobretasa bomberil | D33: % | E33: 0.000375 | J33: =+E33*$E$9 -> 1437.4298
B35: II | C35: IMPREVISTOS [ I ] | J35: =J36 -> 190212 | K35: =E36 -> 0.05
C36: Imprevistos | D36: % | E36: 0.05 | J36: =ROUND(+E36*E7,0) -> 190212
B37: III | C37: UTILIDAD [ U ] | J37: =J38 -> 190212 | K37: =E38 -> 0.05
C38: Ganacias esperadas | D38: % | E38: 0.05 | J38: =ROUND(+E38*E7,0) -> 190212
C39: ADMINISTRACION [ A ] | J39: =+J13 -> 42125669 | K39: =K13 -> 11.073364
C40: IMPREVISTOS [ I ] | J40: =J35 -> 190212 | K40: =K35 -> 0.05
C41: UTILIDAD [ U ] | J41: =J37 -> 190212 | K41: =K37 -> 0.05
C42: TOTAL A.I.U. | J42: =SUM(J39:J41) -> 42506093 | K42: =SUM(K39:K41) -> 11.173364
C43: Nota: El Presente Desglose Incluye Todos las Obligaciones Tributarias
B45: ELABORÓ:

Sheet APU
B3: ANÁLISIS DE PRECIOS UNITARIOS
B5: =+'Ingeniero y obra'!$B$5 -> "REALIZAR OBRAS DE MANTENIMIENTO A LAS SEDES DONDE FUNCIONA LA DIRECCION REGIONAL Y DEL CENTRO DE LA INDUSTRIA, LA EMPRESA Y LOS SERVICIOS DEL SENA REGIONAL HUILA " | F5: ITEM | G5: =+VLOOKUP(F6,ITEM,2,FALSE) -> Suministro e instalacion de puerta en vidrio templano de e:10 mm de 0,75mtx 2,20 , incluye accesorios de instalacion ( esquineros , bisagras y manijas ) y pelicula con imagen corporativa(similar al existente)
F6: 1.1
F8: UNIDAD: | G8: =+VLOOKUP(F6,ITEM,5,FALSE) -> UND
B9: I. EQUIPO
B10: Descripción | F10: Tarifa/Hora | G10: Rendimiento | H10: Valor-Unit.
A11: 1,12,1 | B11: =+ VLOOKUP(A11,MAQYEQUIP,2,FALSE) -> HERRAMIENTA MENOR (10% MO) | F11: =+VLOOKUP(A11,MAQYEQUIP,4,FALSE) -> Global | G11: 0.1 | H11: =+G11*I36 -> 15366.417
A12: 1.28 | B12: =+ VLOOKUP(A12,MAQYEQUIP,2,FALSE) -> TALADRO | F12: =+VLOOKUP(A12,MAQYEQUIP,4,FALSE) -> 30000 | G12: 0.1 | H12: =+F12*G12 -> 3000
B15: SUB-TOTAL | I15: =SUM(H11:H14) -> 18366.417
B16: II. MATERIALES
B17: Descripción | E17: Unidad | F17: Precio-Unit. | G17: Cantidad | H17: Valor-Unit.
A18: 7.59 | B18: =+VLOOKUP(A18,MATERIALES,2,FALSE) -> VIDRIO TEMPLADO DE 10MM 0,75 X 2,2M INCLUYE PERFORACIONES | E18: =+VLOOKUP(A18,MATERIALES,3,FALSE) -> UND | F18: =+VLOOKUP(A18,MATERIALES,4,FALSE) -> 650000 | G18: 1 | H18: =+G18*F18 -> 650000 | AG18: 480
A19: 7.6 | B19: =+VLOOKUP(A19,MATERIALES,2,FALSE) -> BISAGRA DE PISO HIDRAULICA | E19: =+VLOOKUP(A19,MATERIALES,3,FALSE) -> UND | F19: =+VLOOKUP(A19,MATERIALES,4,FALSE) -> 580000 | G19: 1 | H19: =+G19*F19 -> 580000 | AG19: 550
A20: 7.61 | B20: =+VLOOKUP(A20,MATERIALES,2,FALSE) -> CERRADURA DE SOBREPONER | E20: =+VLOOKUP(A20,MATERIALES,3,FALSE) -> UND | F20: =+VLOOKUP(A20,MATERIALES,4,FALSE) -> 280000 | G20: 1 | H20: =+G20*F20 -> 280000 | AG20: 250
A21: 7.62 | B21: =+VLOOKUP(A21,MATERIALES,2,FALSE) -> MANIJA EN ACERO INOXIDABLE | E21: =+VLOOKUP(A21,MATERIALES,3,FALSE) -> UND | F21: =+VLOOKUP(A21,MATERIALES,4,FALSE) -> 190000 | G21: 2 | H21: =+G21*F21 -> 380000 | AG21: 140
A22: 7.63 | B22: =+VLOOKUP(A22,MATERIALES,2,FALSE) -> TUBO REDONDO DE ACERO INOX DE 2″ CAL.16 | E22: =+VLOOKUP(A22,MATERIALES,3,FALSE) -> ML | F22: =+VLOOKUP(A22,MATERIALES,4,FALSE) -> 244531.36 | G22: 2.2 | H22: =+G22*F22 -> 537969
B25: SUB-TOTAL | I25: =SUM(H18:H24) -> 2427969 | AI25: =+AH38/G22 -> 0
B26: III. TRANSPORTES
B27: =+'[111]HOJA MODELO'!$A$21 -> Descripción | C27: Volumen M3 incluye expansión | D27: Peso (Ton) | E27: Distancia (Km) | F27: Tarifa Escombrera ($/M3) | G27: Tarifa Transporte $/(M3-Km) | H27: Valor-Unit.
B30: SUB-TOTAL | I30: =SUM(H28:H29) -> 0
B31: IV. MANO DE OBRA
B32: Trabajador | E32: Jornal/H-H | F32: Unidad | G32: Rendimiento | H32: Valor-Unit.
A33: 17 | B33: =+VLOOKUP(A33,MO,2,FALSE) -> Oficial de carpinteria en aluminio | E33: =+VLOOKUP(A33,MO,6,FALSE) -> 18239.058 | F33: 1 | G33: 0.2 | H33: =(E33*F33)/G33 -> 91195.288
A34: 18 | B34: =+VLOOKUP(A34,MO,2,FALSE) -> Ayudante Practico carpinteria en aluminio (Incl. Prestaciones) | E34: =+VLOOKUP(A34,MO,6,FALSE) -> 12493.776 | F34: 1 | G34: 0.2 | H34: =(E34*F34)/G34 -> 62468.882 | AH34: 13969
B36: SUB-TOTAL | I36: =SUM(H33:H35) -> 153664.17
B38: VALOR UNITARIO | I38: =ROUND(I15+I25+I30+I36,0) -> 2600000 | AG38: 2600000 | AH38: =+AG38-I38 -> 0
B41: ANÁLISIS DE PRECIOS UNITARIOS
B43: =+'Ingeniero y obra'!$B$5 -> "REALIZAR OBRAS DE MANTENIMIENTO A LAS SEDES DONDE FUNCIONA LA DIRECCION REGIONAL Y DEL CENTRO DE LA INDUSTRIA, LA EMPRESA Y LOS SERVICIOS DEL SENA REGIONAL HUILA " | F43: ITEM | G43: =+VLOOKUP(F44,ITEM,2,FALSE) -> Suministro e Instalación de GRANIPLAST ESGRAFIADO para acabados de muros exteriores de ambientes de formación y radicación de correspondencia de la sede Comercio. H=1.60
F44: 1.2
F46: UNIDAD: | G46: =+VLOOKUP(F44,ITEM,5,FALSE) -> ML
B47: I. EQUIPO
B48: Descripción | F48: Tarifa/Hora | G48: Rendimiento | H48: Valor-Unit.
A49: 1,12,1 | B49: =+ VLOOKUP(A49,MAQYEQUIP,2,FALSE) -> HERRAMIENTA MENOR (10% MO) | F49: =+VLOOKUP(A49,MAQYEQUIP,4,FALSE) -> Global | G49: 0.1 | H49: =+G49*I69 -> 945.3154
B52: SUB-TOTAL | I52: =SUM(H49:H51) -> 945.3154
B53: II. MATERIALES
B54: Descripción | E54: Unidad | F54: Precio-Unit. | G54: Cantidad | H54: Valor-Unit.
A55: 1.97.9 | B55: =+VLOOKUP(A55,MATERIALES,2,FALSE) -> GRANIPLAST - ESGRAFIADO EXTERIOR | E55: =+VLOOKUP(A55,MATERIALES,3,FALSE) -> KG | F55: =+VLOOKUP(A55,MATERIALES,4,FALSE) -> 3000 | G55: =4*1.16 -> 4.64 | H55: =+G55*F55 -> 13920
A56: 1.97.10 | B56: =+VLOOKUP(A56,MATERIALES,2,FALSE) -> BASE ESGRAFIADO PARA GRANIPLAST | E56: =+VLOOKUP(A56,MATERIALES,3,FALSE) -> KG | F56: =+VLOOKUP(A56,MATERIALES,4,FALSE) -> 3000 | G56: =4*1.16 -> 4.64 | H56: =+G56*F56 -> 13920
B58: SUB-TOTAL | I58: =SUM(H55:H57) -> 27840
B59: III. TRANSPORTES
B60: =+'[111]HOJA MODELO'!$A$21 -> Descripción | C60: Volumen M3 incluye expansión | D60: Peso (Ton) | E60: Distancia (Km) | F60: Tarifa Escombrera ($/M3) | G60: Tarifa Transporte $/(M3-Km) | H60: Valor-Unit.
B63: SUB-TOTAL | I63: =SUM(H61:H62) -> 0
B64: IV. MANO DE OBRA
B65: Trabajador | E65: Jornal/H-H | F65: Unidad | G65: Rendimiento | H65: Valor-Unit.
A66: 1 | B66: =+VLOOKUP(A66,MO,2,FALSE) -> Ayudante (Incl. Prestaciones) | E66: =+VLOOKUP(A66,MO,6,FALSE) -> 9119.8083 | F66: 1 | G66: 2.6525561 | H66: =(E66*F66)/G66 -> 3438.1208
A67: 3 | B67: =+VLOOKUP(A67,MO,2,FALSE) -> Oficial (Incl. Prestaciones) | E67: =+VLOOKUP(A67,MO,6,FALSE) -> 15959.191 | F67: 1 | G67: 2.6532175 | H67: =(E67*F67)/G67 -> 6015.0331
B69: SUB-TOTAL | I69: =SUM(H66:H68) -> 9453.154
B71: VALOR UNITARIO | I71: =ROUND(I52+I58+I63+I69,0) -> 38238 | AG71: 38238 | AI71: =+I71-AG71 -> 0
B75: ANÁLISIS DE PRECIOS UNITARIOS
B77: =+'Ingeniero y obra'!$B$5 -> "REALIZAR OBRAS DE MANTENIMIENTO A LAS SEDES DONDE FUNCIONA LA DIRECCION REGIONAL Y DEL CENTRO DE LA INDUSTRIA, LA EMPRESA Y LOS SERVICIOS DEL SENA REGIONAL HUILA " | F77: ITEM | G77: =+VLOOKUP(F78,ITEM,2,FALSE) -> Mantenimiento de viga canal metalica de 0.25m x 0.25m , incluye limpieza general , Pintura con anticorrosivo con acabado rojo oxido en la parte exterior , soldadura y masilla para las partes deterioradas y mortero de nivelacion viga de soporte.
F78: 1.3
F80: UNIDAD: | G80: =+VLOOKUP(F78,ITEM,5,FALSE) -> ML
B81: I. EQUIPO
B82: Descripción | F82: Tarifa/Hora | G82: Rendimiento | H82: Valor-Unit.
A83: 1,12,1 | B83: =+ VLOOKUP(A83,MAQYEQUIP,2,FALSE) -> HERRAMIENTA MENOR (10% MO) | F83: =+VLOOKUP(A83,MAQYEQUIP,4,FALSE) -> Global | G83: 0.1 | H83: =+G83*I109 -> 825.90444
A84: 1.26 | B84: =+ VLOOKUP(A84,MAQYEQUIP,2,FALSE) -> EQUIPO DE SOLDADURA | F84: =+VLOOKUP(A84,MAQYEQUIP,4,FALSE) -> 65000 | G84: 0.05 | H84: =+F84*G84 -> 3250 | AG84: 0.05 | AH84: 4750
A85: 1.27 | B85: =+ VLOOKUP(A85,MAQYEQUIP,2,FALSE) -> ANDAMIO CERTIFICADO | F85: =+VLOOKUP(A85,MAQYEQUIP,4,FALSE) -> 95000 | G85: 0.039473684 | H85: =+F85*G85 -> 3750 | AG85: x | AH85: 3750
AI86: 1GL | AL86: 1TL
B87: SUB-TOTAL | I87: =SUM(H83:H86) -> 7825.9044 | AG87: =+(AG84*AH85)/AH84 -> 0.039473684
B88: II. MATERIALES
B89: Descripción | E89: Unidad | F89: Precio-Unit. | G89: Cantidad | H89: Valor-Unit.
A90: 1.97.7 | B90: =+VLOOKUP(A90,MATERIALES,2,FALSE) -> ANTICORROSIVO CONTRA OXIDO Y CORROSION | E90: =+VLOOKUP(A90,MATERIALES,3,FALSE) -> GL | F90: =+VLOOKUP(A90,MATERIALES,4,FALSE) -> 95000 | G90: 0.0125 | H90: =+G90*F90 -> 1187.5
A91: 1.97.11 | B91: =+VLOOKUP(A91,MATERIALES,2,FALSE) -> DISOLVENTE THINNER | E91: =+VLOOKUP(A91,MATERIALES,3,FALSE) -> GL | F91: =+VLOOKUP(A91,MATERIALES,4,FALSE) -> 39000 | G91: 0.0125 | H91: =+G91*F91 -> 487.5
A92: 7.48 | B92: =+VLOOKUP(A92,MATERIALES,2,FALSE) -> PLIEGO DE LIJA 150 | E92: =+VLOOKUP(A92,MATERIALES,3,FALSE) -> UND | F92: =+VLOOKUP(A92,MATERIALES,4,FALSE) -> 2500 | G92: 0.25 | H92: =+G92*F92 -> 625 | AG92: =0.03*1 -> 0.03
A93: 1.69 | B93: =+VLOOKUP(A93,MATERIALES,2,FALSE) -> SOLDADURA 1/8" 6013 METAL | E93: =+VLOOKUP(A93,MATERIALES,3,FALSE) -> KG | F93: =+VLOOKUP(A93,MATERIALES,4,FALSE) -> 27000 | G93: 0.15 | H93: =+G93*F93 -> 4050
A94: 1.97.12 | B94: =+VLOOKUP(A94,MATERIALES,2,FALSE) -> MASILLA ( PASTA ) PARA SOLDAR 1/4 GALON | E94: =+VLOOKUP(A94,MATERIALES,3,FALSE) -> UND | F94: =+VLOOKUP(A94,MATERIALES,4,FALSE) -> 65000 | G94: 0.0125 | H94: =+G94*F94 -> 812.5
A95: 9.6 | B95: =+VLOOKUP(A95,MATERIALES,2,FALSE) -> MORTERO 1:4 | E95: =+VLOOKUP(A95,MATERIALES,3,FALSE) -> M3 | F95: =+VLOOKUP(A95,MATERIALES,4,FALSE) -> 449928 | G95: 0.03 | H95: =+G95*F95 -> 13497.84
AI96: 1 | AL96: 40 | AN96: =+(AI96*AL97)/AL96 -> 0.0125
AI97: X | AL97: 0.5
B98: SUB-TOTAL | I98: =SUM(H90:H97) -> 20660.34
B99: III. TRANSPORTES
B100: =+'[111]HOJA MODELO'!$A$21 -> Descripción | C100: Volumen M3 incluye expansión | D100: Peso (Ton) | E100: Distancia (Km) | F100: Tarifa Escombrera ($/M3) | G100: Tarifa Transporte $/(M3-Km) | H100: Valor-Unit.
B103: SUB-TOTAL | I103: =SUM(H101:H102) -> 0
B104: IV. MANO DE OBRA
B105: Trabajador | E105: Jornal/H-H | F105: Unidad | G105: Rendimiento | H105: Valor-Unit.
A106: 1 | B106: =+VLOOKUP(A106,MO,2,FALSE) -> Ayudante (Incl. Prestaciones) | E106: =+VLOOKUP(A106,MO,6,FALSE) -> 9119.8083 | F106: 1 | G106: 3.0557894 | H106: =(E106*F106)/G106 -> 2984.4361
A107: 3 | B107: =+VLOOKUP(A107,MO,2,FALSE) -> Oficial (Incl. Prestaciones) | E107: =+VLOOKUP(A107,MO,6,FALSE) -> 15959.191 | F107: 1 | G107: 3.0227983 | H107: =(E107*F107)/G107-5 -> 5274.6083
B109: SUB-TOTAL | I109: =SUM(H106:H108) -> 8259.0444
B111: VALOR UNITARIO | I111: =ROUND(I87+I98+I103+I109,0) -> 36745
B114: ANÁLISIS DE PRECIOS UNITARIOS
B116: =+'[112]Ingeniero y obra'!$B$5 -> "REALIZAR OBRAS DE MANTENIMIENTO A LAS SEDES DONDE FUNCIONA LA DIRECCION REGIONAL Y DEL CENTRO DE LA INDUSTRIA, LA EMPRESA Y LOS SERVICIOS DEL SENA REGIONAL HUILA " | F116: ITEM | G116: =+VLOOKUP(F117,ITEM,2,FALSE) -> Suministro e instalación de cárcamo para recolección de aguas lluvias, incluye excavación de ( 0,5x0,3) ,muros perimetrales y base en concreto de 3000 psi de E: 10cm , reforzado con varilla de 3/8” cada 15cm , rejilla metálica con marco en ángulos longitudinal de 1"X1/8” y varilla de 3/8” transversales cada 3cm
F117: 1.4
F119: UNIDAD: | G119: =+VLOOKUP(F117,ITEM,5,FALSE) -> ML | AJ119: =1/0.05 -> 20
B120: I. EQUIPO | AJ120: =20*0.3 -> 6
B121: Descripción | F121: Tarifa/Hora | G121: Rendimiento | H121: Valor-Unit. | AJ121: =+AJ120*AJ141 -> 3.36
A122: 1,12,1 | B122: =+ VLOOKUP(A122,MAQYEQUIP,2,FALSE) -> HERRAMIENTA MENOR (10% MO) | F122: =+VLOOKUP(A122,MAQYEQUIP,4,FALSE) -> Global | G122: 0.15 | H122: =+G122*I147 -> 37617.749
AI124: 1GL | AL124: 1TL
B125: SUB-TOTAL | I125: =SUM(H122:H124) -> 37617.749
B126: II. MATERIALES | AP126: MUROS
B127: Descripción | E127: Unidad | F127: Precio-Unit. | G127: Cantidad | H127: Valor-Unit. | AP127: L | AQ127: H | AR127: E
A128: 9.1 | B128: =+VLOOKUP(A128,MATERIALES,2,FALSE) -> CONCRETO SIMPLE DE 3000 P.S.I. (210 KG/CM2) | E128: =+VLOOKUP(A128,MATERIALES,3,FALSE) -> M3 | F128: =+VLOOKUP(A128,MATERIALES,4,FALSE) -> 542777 | G128: =+AS128+AS129+AS133 -> 0.12 | H128: =+G128*F128 -> 65133.24 | AP128: =1.2*2 -> 2.4 | AQ128: 0.3 | AR128: 0.1 | AS128: =+AP128*AQ128*AR128 -> 0.072
A129: 1.96 | B129: =+VLOOKUP(A129,MATERIALES,2,FALSE) -> VARILLA 3/8" | E129: =+VLOOKUP(A129,MATERIALES,3,FALSE) -> KG | F129: =+VLOOKUP(A129,MATERIALES,4,FALSE) -> 5500 | G129: =+AK141+5.55+5.19480519480519 -> 22.280805 | H129: =+G129*F129 -> 122544.43 | AG129: L | AH129: UND | AI129: MUROS | AP129: =0.3*2 -> 0.6 | AQ129: 0.3 | AR129: 0.1 | AS129: =+AP129*AQ129*AR129 -> 0.018
A130: 1.15 | B130: =+VLOOKUP(A130,MATERIALES,2,FALSE) -> ANGULO 1 X 1/8" | E130: =+VLOOKUP(A130,MATERIALES,3,FALSE) -> ML | F130: =+VLOOKUP(A130,MATERIALES,4,FALSE) -> 11000 | G130: =(1.2+1.2+0.3+0.3 )*2 -> 6 | H130: =+G130*F130 -> 66000 | AG130: TRANSVERSAL
A131: 1.69 | B131: =+VLOOKUP(A131,MATERIALES,2,FALSE) -> SOLDADURA 1/8" 6013 METAL | E131: =+VLOOKUP(A131,MATERIALES,3,FALSE) -> KG | F131: =+VLOOKUP(A131,MATERIALES,4,FALSE) -> 27000 | G131: 0.5 | H131: =+G131*F131 -> 13500 | AG131: 1.2 | AH131: 4 | AI131: 2 | AP131: BASE
A132: 1.97.12 | B132: =+VLOOKUP(A132,MATERIALES,2,FALSE) -> MASILLA ( PASTA ) PARA SOLDAR 1/4 GALON | E132: =+VLOOKUP(A132,MATERIALES,3,FALSE) -> UND | F132: =+VLOOKUP(A132,MATERIALES,4,FALSE) -> 65000 | G132: 0.5 | H132: =+G132*F132 -> 32500 | AG132: 0.5 | AH132: 4 | AI132: 2 | AP132: L | AQ132: H | AR132: E
A133: 10.2 | B133: =+VLOOKUP(A133,MATERIALES,2,FALSE) -> DESPERDICIO | E133: =+VLOOKUP(A133,MATERIALES,3,FALSE) -> % | F133: 0.05 | H133: =SUM(H128:H132)*F133 -> 14983.883 | AG133: 1.2 | AH133: 4 | AI133: 1 | AM133: 0.3 | AP133: 1 | AQ133: 0.3 | AR133: 0.1 | AS133: =+AP133*AQ133*AR133 -> 0.03
B136: SUB-TOTAL | I136: =SUM(H128:H135) -> 314661.55
B137: III. TRANSPORTES | AG137: 0.3 | AJ137: 0.3
B138: =+'[111]HOJA MODELO'!$A$21 -> Descripción | C138: Volumen M3 incluye expansión | D138: Peso (Ton) | E138: Distancia (Km) | F138: Tarifa Escombrera ($/M3) | G138: Tarifa Transporte $/(M3-Km) | H138: Valor-Unit. | AH138: 1.15
AG139: =+AG137+AH138+AJ137 -> 1.75 | AH139: 4 | AI139: =+AG139*AH139 -> 7
...

Sheet Interventoria 
B1: =+'Ingeniero y obra'!B5 -> "REALIZAR OBRAS DE MANTENIMIENTO A LAS SEDES DONDE FUNCIONA LA DIRECCION REGIONAL Y DEL CENTRO DE LA INDUSTRIA, LA EMPRESA Y LOS SERVICIOS DEL SENA REGIONAL HUILA "
B2: INTERVENTORIA
B4: DEPARTAMENTO | E4: HUILA
B5: MUNICIPIO
B6: COSTO DIRECTO | E6: =+'PRESUPUESTO ITEM IMPREVISTOS'!H20 -> 3804234
B7: A.I.U | E7: =+'PRESUPUESTO ITEM IMPREVISTOS'!H25 -> 28912.11
B8: OBRAS DE COMPENSACIÓN AMBIENTAL Y/O COMPLEMENTARIAS | E8: =+'PRESUPUESTO ITEM IMPREVISTOS'!#REF! -> #REF!
B9: IMPLEMENTACIÓN PROTOCOLO BIOSEGURIDAD COVID-19 | E9: =+'PRESUPUESTO ITEM IMPREVISTOS'!#REF! -> #REF!
B10: COSTO TOTAL OBRA | E10: =+'PRESUPUESTO ITEM IMPREVISTOS'!#REF! -> #REF!
B11: 0.07 | C11: INTERVENTORIA | E11: =+J38 -> 337804020
B12: VALOR TOTAL PROYECTO | E12: =+E10+E11 -> #REF!
B13: DURACION DEL PROYECTO EN MESES (F) | E13: 6
B14: N° | C14: CONCEPTO | D14: A | E14: B | F14: C | G14: D | H14: E | I14: F | J14: G
D15: SUELDO MES BÁSICO | E15: CANT. ESTIMADA | F15: % DE DEDICACIÓN | G15: FM | H15: VALOR MES (A * B * C* D) | I15: TIEMPO MESES | J15: TOTAL PARCIAL (E * F)
B16: 1 | C16: PERSONAL
B17: 1.1 | C17: PERSONAL DE SUPERVISIÓN
B18: 1.1.1 | C18: Director de Interventoría | D18: 5000000 | E18: 1 | F18: 0.5 | G18: 1.85 | H18: =+D18*E18*F18*G18 -> 4625000 | I18: =$E$13 -> 6 | J18: =+H18*I18 -> 27750000
B19: 1.1.2 | C19: Ingeniero residente de interventoria | D19: 4200000 | E19: 1 | F19: 1 | G19: 1.85 | H19: =+D19*E19*F19*G19 -> 7770000 | I19: =$E$13 -> 6 | J19: =+H19*I19 -> 46620000
B20: 1.2 | C20: PERSONAL DE APOYO
B21: 1.2.1 | C21: Ingeniero Civil | D21: 3500000 | E21: 1 | F21: 1 | G21: 1.85 | H21: =+D21*E21*F21*G21 -> 6475000 | I21: =$E$13 -> 6 | J21: =+H21*I21 -> 38850000
B22: 1.2.2 | C22: Ingeniero Eléctrico | D22: 3500000 | E22: 1 | F22: 0.5 | G22: 1.85 | H22: =+D22*E22*F22*G22 -> 3237500 | I22: 4 | J22: =+H22*I22 -> 12950000
B23: 1.2.3 | C23: Profesional HESQ | D23: 3500000 | E23: 1 | F23: 1 | G23: 1.85 | H23: =+D23*E23*F23*G23 -> 6475000 | I23: =$E$13 -> 6 | J23: =+H23*I23 -> 38850000
B24: 1.2.4 | C24: Tecnologo Obras civiles | D24: 2200000 | E24: 2 | F24: 1 | G24: 1.85 | H24: =+D24*E24*F24*G24 -> 8140000 | I24: =$E$13 -> 6 | J24: =+H24*I24 -> 48840000
B25: 1.2.5 | C25: Auxiliar contable | D25: 1200000 | E25: 1 | F25: 1 | G25: 1.85 | H25: =+D25*E25*F25*G25 -> 2220000 | I25: =$E$13 -> 6 | J25: =+H25*I25 -> 13320000
B26: 1.2.6 | C26: Auxiliar administrativo | D26: 1200000 | E26: 1 | F26: 1 | G26: 1.85 | H26: =+D26*E26*F26*G26 -> 2220000 | I26: =$E$13 -> 6 | J26: =+H26*I26 -> 13320000
B27: SUB TOTAL | J27: =SUM(J17:J26) -> 240500000
B28: 2 | C28: OTROS COSTOS DIRECTOS NO REEMBOLSABLES | G28: UNIDAD | H28: CANT (t) | I28: VR. UNITARIO | J28: VR. TOTAL
B29: 2.1 | C29: Celular, internet, comunicaciones | G29: mes | H29: =$E$13 -> 6 | I29: 350000 | J29: =+H29*I29 -> 2100000
B30: 2.2 | C30: Oficina, campamento | G30: mes | H30: =$E$13 -> 6 | I30: 650000 | J30: =+H30*I30 -> 3900000
B31: 2.3 | C31: SERVICIOS PUBLICOS (teléfono, agua, energia, comunicaciones, etc.) | G31: mes | H31: =$E$13 -> 6 | I31: 450000 | J31: =+H31*I31 -> 2700000
B32: 2.4 | C32: Alquiler de Laboratorio para los Ensayos de Concretos, morteros y suelos. | G32: mes | H32: =$E$13 -> 6 | I32: 828154 | J32: =+H32*I32 -> 4968924
B33: 2.5 | C33: Gastos de vehiculos, rodamientos, transporte | G33: mes | H33: =$E$13 -> 6 | I33: 4950000 | J33: =+H33*I33 -> 29700000
C34: SUBTOTAL COSTO DIRECTOS | J34: =SUM(J29:J33) -> 43368924
B35: RESUMEN GENERAL
B36: COSTO TOTAL (1 + 2) | J36: =+J27+J34 -> 283868924
B37: IVA (19%) | J37: =19%*J36 -> 53935096
B38: VALOR TOTAL OFERTA | J38: =ROUND(+J37+J36,0) -> 337804020 | K38: 1474677064
B40: ELABORÓ:

Sheet MATERIALES
A2: =+'Ingeniero y obra'!B5 -> "REALIZAR OBRAS DE MANTENIMIENTO A LAS SEDES DONDE FUNCIONA LA DIRECCION REGIONAL Y DEL CENTRO DE LA INDUSTRIA, LA EMPRESA Y LOS SERVICIOS DEL SENA REGIONAL HUILA " | AR2: =(720*3)+50 -> 2210
A3: MATERIALES
G4: COTIZACIONES GERMAN ABRIL 2021 | AI4: PRECIO 2021
A5: ITEM | B5: DESCRIPCION | C5: UND | D5: VR/UNIT | E5: POR VOLUMEN | F5: PROVEEDOR | AI5: 0.03 | AQ5: PRECIO
A6: 1 | B6: ACEROS - ALAMBRES - HIERROS - CUBIERTAS
A7: 1.2 | B7: ACERO Fy= 4200 Kg/cm2 | C7: KG | D7: 6800 | E7: 3997 | G7: =+(19000/(0.56*6))*1.19 -> 6729.1667 | AJ7: 2800
A8: 1.5 | B8: ALAMBRE GALVANIZADO # 12 | C8: KG | D8: =+AJ8*(1+$AI$5) -> 7725 | G8: 7600 | AJ8: 7500
A9: 1.6 | B9: ALAMBRE GALVANIZADO # 8 | C9: KG | D9: 5500 | G9: 5500 | AJ9: 4500
A10: 1.7 | B10: ALAMBRE NEGRO No. 18 | C10: KG | D10: 6500 | E10: 3800 | F10: PENDIENTE | G10: 6300 | AJ10: 6600
A11: 1.15 | B11: ANGULO 1 X 1/8" | C11: ML | D11: 11000 | G11: =111000/6 -> 18500 | AJ11: 6800
A12: 1.16 | B12: ANGULO 2 X 3/16" | C12: ML | D12: 35000 | G12: =135000/6 -> 22500 | AJ12: 8200 | AW12: =140/6 -> 23.333333
A13: 1.31.1 | B13: CANECA METALICA M -120 IDU con Malla metálica calibre 18 perforada con canto de 10 cm en platina de 1/8”, tubo rectangular de 8 x 4 cm calibre 18 | C13: UND | D13: 380000 | F13: 40 | G13: 380000 | AJ13: 360000
A14: 1331 | B14: DISCO DIAMANTADO DE 14" | C14: UND | D14: =+AJ14*(1+$AI$5) -> 978500 | AJ14: 950000
A15: 1332 | B15: DISCO DIAMANTADO DE 9" | C15: UND | D15: =+AJ15*(1+$AI$5) -> 203940 | AJ15: 198000
A16: 1361 | B16: TABLERO EN LAMINA GALVANIZADA DE 45 CMS X 45 CMS, CALIBRE 16, REFLECTIVO TIPO 1 | C16: UND | D16: 197900 | AJ16: 122400
A17: 1.41 | B17: MALLA PARA GAVIONES CAL. 12 2M3 | C17: UND | D17: 117800 | G17: 85000 | AJ17: 190000
A18: 1,42,1 | B18: MALLA ELECTROSOLDADA, SEPARACIÓN DE GRAFIL 0,15*0,15 MTS, E = 5mm | C18: M2 | D18: =145000/(6*2.33) -> 10371.96 | G18: =155000/29.3 -> 5290.1024 | AJ18: 6050 | AR18: =6*2.35 -> 14.1 | AW18: =309400/(6*2.35) -> 21943.262
A19: 1.32 | B19: MALLA ELECTROSOLDADA, SEPARACIÓN DE GRAFIL 0,15*0,15 MTS, E = 6mm | C19: M2 | D19: 22000 | G19: =155000/29.3 -> 5290.1024 | AJ19: 6050 | AR19: =6*2.35 -> 14.1
A20: 1.62.1 | B20: PLATINA 2"X 3/16" | C20: ML | D20: 9700 | G20: =58000/6 -> 9666.6667 | AJ20: 5793
A21: 1.62.3 | B21: PLATINA 2 1/2" X 3/16" | C21: ML | D21: =75000/6 -> 12500 | G21: =75000/6 -> 12500
A22: 1.66 | B22: PUNTILLA 1 1/2" a 3" | C22: LB | D22: =+AJ22*(1+$AI$5) -> 5407.5 | G22: 2400 | AJ22: 5250
A23: 1.69 | B23: SOLDADURA 1/8" 6013 METAL | C23: KG | D23: 27000 | G23: 9600 | AJ23: 15600 | AQ23: 16068
A24: 1.87.21 | B24: TUERCA HEXAGONAL 3/4" CON ARANDELA | C24: UND | D24: 3250 | G24: 1500
A25: 1.64.61 | B25: TUBERÍA METÁLICA ESTRUCTURAL DE 4", E=3mm. | C25: ML | D25: 66550 | E25: =+D25*6 -> 399300
A26: 1.64.62 | B26: TUBERÍA METÁLICA ESTRUCTURAL DE 1½", E=2mm. | C26: ML | D26: 21960
A27: 1.96 | B27: VARILLA 3/8" | C27: KG | D27: 5500 | E27: 2238 | G27: =+(13000/(0.56*6))*1.19 -> 4604.1667 | AJ27: 1800 | AL27: =19500/6 -> 3250
A28: 1.97.2 | B28: VARILLA CORRUGADA Fy=60,000 PSI | C28: KG | D28: 4855 | G28: =+(26900/(0.99*6))*1.19 -> 5389.0572
A29: 1.97.3 | B29: LAMINA MASTERDECK CAL 22 , 1,0X6,1M | C29: UND | D29: 415000
A30: 1.97.4 | B30: TORNILLO AUTOPERFORANTE | C30: UND | D30: 350 | E30: 2238 | G30: =+(13000/(0.56*6))*1.19 -> 4604.1667 | AJ30: 1800 | AL30: =19500/6 -> 3250
A31: 1.97.5 | B31: TEJA MASTER 1000 1X6MT GALVANIZADA CL 28 | C31: UND | D31: 195000
A32: 1.97.6 | B32: PERFIL METALICO C.R. CAL. 18 8X4 CM POR 6MT | C32: UND | D32: 95000
A33: 1.97.6.1 | B33: PERFIL PHR C 160X60X1.5mm | C33: UND | D33: 145000
A34: 1.97.7 | B34: ANTICORROSIVO CONTRA OXIDO Y CORROSION | C34: GL | D34: 95000
A35: 1.97.8 | B35: VARILLA ROSCADA 3/8" | C35: ML | D35: 11500
A36: 1.97.9 | B36: GRANIPLAST - ESGRAFIADO EXTERIOR | C36: KG | D36: 3000
A37: 1.97.10 | B37: BASE ESGRAFIADO PARA GRANIPLAST | C37: KG | D37: 3000
A38: 1.97.11 | B38: DISOLVENTE THINNER | C38: GL | D38: 39000
A39: 1.97.12 | B39: MASILLA ( PASTA ) PARA SOLDAR 1/4 GALON | C39: UND | D39: 65000
A40: 1.97.13 | B40: TUBO CUADRADO 3cmX 3cm calibre 18 | C40: ML | D40: 18000 | E40: 2238 | G40: =+(13000/(0.56*6))*1.19 -> 4604.1667 | AJ40: 1800 | AL40: =19500/6 -> 3250
A41: 1.97.14 | B41: LÁMINA ALVEOLAR 6 MM | C41: M2 | D41: 52000
A42: 1.97.15 | B42: PERFIL EN H DE POLICARBONATO 6MM | C42: ML | D42: 12500
A43: 1.97.16 | B43: PERFIL EN U DE POLICARBONATO 6MM | C43: ML | D43: 12500
A44: 1.97.17 | B44: TORNILLO AUTOTALADRANTE PARA FIJACIÓN DE PLACAS | C44: UND | D44: 250
A45: 1.97.18 | B45: CINTA ANTIDUST 25MM | C45: ML | D45: 4500
A46: 1.97.19 | B46: CINTA AUTOADHESIVA X 30MT | C46: ROLLO | D46: 55000
A47: 1.97.20 | B47: CABALLETE ARTICULADO PARA TEJA ONDULADA | C47: UND | D47: 35000
A48: 1.97.21 | B48: GANCHO PARA TEJA ONDULADA | C48: UND | D48: 3000
A49: 1.97.22 | B49: SOSCO DE 4" EN LAMINA GALVANIZADA CALIBRE 22 | C49: UND | D49: =10396.5-246.732814499992 -> 10149.767
A50: 1.97.23 | B50: CINTA ASFALTICA TAPA GOTERAS | C50: MT | D50: 5500
A51: 1.97.24 | B51: REMACHES | C51: UND | D51: 200 | E51: 2238 | G51: =+(13000/(0.56*6))*1.19 -> 4604.1667 | AJ51: 1800 | AL51: =19500/6 -> 3250
A52: 1.97.25 | B52: PASADOR EN ACERO INOXIDABLE PARA PUERTA DE BAÑO | C52: UND | D52: 32000
E53: 2238 | G53: =+(13000/(0.56*6))*1.19 -> 4604.1667 | AJ53: 1800 | AL53: =19500/6 -> 3250
A55: 2 | B55: AGREGADOS - ARENAS - PETREOS - MINERALES
A56: 2.1 | B56: ARENA | C56: M3 | D56: =+AJ56*(1+$AI$5) -> 61491 | E56: 35000 | G56: =280000/6 -> 46666.667 | AJ56: 59700
A57: 2,2,1 | B57: GASOLINA Y/O A.C.P.M. | C57: GAL | D57: =+AJ57*(1+$AI$5) -> 9270 | G57: 8900 | AJ57: 9000
A58: 2.4 | B58: ARENA REBOQUE - FINA | C58: M3 | D58: =+AJ58*(1+$AI$5) -> 49440 | E58: 35000 | F58: MASSET | G58: =240000/6 -> 40000 | AJ58: 48000
A59: 2,4,2 | B59: ARENA PARA CAMA | C59: M3 | D59: =+AJ59*(1+$AI$5) -> 49440 | G59: =240000/6 -> 40000 | AJ59: 48000
A60: 2.8 | B60: CAL | C60: KG | D60: =+AJ60*(1+$AI$5) -> 1442 | G60: =15000/25 -> 600 | AJ60: 1400 | AW60: =560*50 -> 28000 | AX60: =32000/50 -> 640
A61: 2.12 | B61: CEMENTO GRIS (PUESTO EN OBRA) | C61: KG | D61: 560 | G61: =26000/50 -> 520 | AJ61: 590
A62: 2.15.1 | B62: ADITIVOS Y ELEMNTOS PARA ESTAMPAR CONCRETO IN SITO ( COLOR ENDURECEDOR, DESMOLDANTE, SELLADOR) | C62: M2 | D62: 36780 | G62: 35000 | AJ62: 55000 | AX62: =28000/50 -> 560
A63: 2.17.1 | B63: EMULSIÓN ASFÁLTICA CRR-1 Ó CRR-2 (LIGA) | C63: GAL | D63: 18500 | G63: 18500 | AJ63: 9365
A64: 2.25 | B64: GRAVILLA 3/4" | C64: M3 | D64: 72450 | G64: 68000 | AJ64: 66000
A65: 2.26 | B65: GRAVILLA DE PLANTA | C65: M3 | D65: =+AJ65*(1+$AI$5)-5000 -> 97485 | G65: 95000 | AJ65: 99500
A66: 2,27,1 | B66: GRAVILLA | C66: M3 | D66: =+AJ66*(1+$AI$5) -> 77250 | AJ66: 75000
A67: 2.37 | B67: PEGAENCHAPE | C67: KG | D67: =+AJ67*(1+$AI$5)-250 -> 986 | G67: =9000/25 -> 360 | AJ67: 1200
A68: 2.38 | B68: PIEDRA DE RÍO | C68: M3 | D68: 89550 | G68: 90000 | AJ68: 85000
A69: 2.40.1 | B69: PIEDRA ZONGA Y/O MEDIA ZONGA(6"-10") | C69: M3 | D69: =+AJ69*(1+$AI$5) -> 47586 | AJ69: 46200
A70: 2,42,1 | B70: RECEBO | C70: M3 | D70: 36000 | G70: 35000 | AJ70: 35000
A71: 2,46,1 | B71: SUB-BASE GRANULAR | C71: M3 | D71: 59500 | G71: 58000 | K71: no contaminante | AJ71: 60000
A72: 2.47 | B72: TIERRA NEGRA | C72: M3 | D72: 78500 | E72: 55000 | G72: =450000/6 -> 75000 | AJ72: 39800
A73: 2.491 | B73: MEZCLA ASFÁLTICA TIPO RODADURA MCD II | C73: M3 | D73: 669500 | G73: 450000
A74: 2.5 | B74: TABLETA CERAMICA | C74: M2 | D74: 45000
A75: 2.51 | B75: BOQUILLA PARA CERAMICA | C75: KG | D75: 2800
A76: 2.52 | B76: ENCHAPE DE PARED | C76: M2 | D76: 42000
A78: 3 | B78: ELECTRICOS
A79: 3.1 | B79: ADAPTADOR TERMINAL DE PVC DE 1" | C79: UND | D79: 960 | G79: 900 | AJ79: =ROUND((AN79*$AM$79),0) -> 653 | AM79: 1.45 | AN79: =450 -> 450
A80: 3.2 | B80: ADAPTADOR TERMINAL DE PVC DE 1/2" | C80: UND | D80: 500
A81: 3.3 | B81: AISLADOR DE SUSPENSION 6" | C81: UND | D81: =+(AJ81*(1+$AI$5)) -> 32857 | G81: =24085*1.19 -> 28661.15 | AJ81: =ROUND((AN81*$AM$79),0) -> 31900 | AN81: =22000 -> 22000
A82: 3.4 | B82: CAJA PLASTICA DE 2X4 (5800) | C82: UND | D82: 1500
A83: 3.4.1 | B83: CAJA PLASTICA RECTANGULAR 2400 | C83: UND | D83: 950
A84: 3.4.2 | B84: CAJA PLASTICA ORTOGONAL | C84: UND | D84: 850
A85: 3.4.3 | B85: ROSETA PLASTICA ( PORTALAMPARA ) | C85: UND | D85: 3500
A86: 3.4.4 | B86: INTERRUPTOR SENCILLO | C86: UND | D86: 5000
A87: 3.5 | B87: TOMA CORRIENTE DOBLE | C87: UND | D87: 6500
A88: 3.8 | B88: AISLADOR TIPO TENSOR DE 4 1/2" | C88: UND | D88: =+(AJ88*(1+$AI$5)) -> 19415.5 | G88: =6715*1.19 -> 7990.85 | AJ88: =ROUND((AN88*$AM$79),0) -> 18850 | AN88: 13000
A89: 3.14 | B89: ARANDELA CUADRADA PLANA DE 5/8" X 2" X 2" | C89: UND | D89: =+(AJ89*(1+$AI$5)) -> 1120.64 | G89: =880*1.19 -> 1047.2 | AJ89: =ROUND((AN89*$AM$79),0) -> 1088 | AN89: 750
A90: 3.15 | B90: ARANDELA CUADRADA PLANA DE 5/8" X 2" X 2" | C90: UND | D90: =+(AJ90*(1+$AI$5)) -> 1120.64 | G90: =880*1.19 -> 1047.2 | AJ90: =ROUND((AN90*$AM$79),0) -> 1088 | AN90: 750
A91: 3.18 | B91: CABLE Cu AISLADO THWN No 2 | C91: ML | D91: =+(AJ91*(1+$AI$5)) -> 20909 | G91: =12919*1.19 -> 15373.61 | AJ91: =ROUND((AN91*$AM$79),0) -> 20300 | AN91: 14000
A92: 3.19 | B92: CABLE Cu AISLADO THWN No 4 | C92: ML | D92: =+(AJ92*(1+$AI$5)) -> 13441.5 | G92: =8331*1.19 -> 9913.89 | AJ92: =ROUND((AN92*$AM$79),0) -> 13050 | AN92: 9000
A93: 3.21 | B93: CABLE DE ACERO GALVANIZADO DE 3/8" 1900 KGRF POR MT. | C93: ML | D93: 4880 | G93: =3808*1.19 -> 4531.52 | AJ93: =ROUND((AN93*$AM$79),0) -> 4350 | AN93: 3000
A94: 3.24 | B94: CABLE DE COBRE DESNUDO NO. 4 AWG POR MT. | C94: ML | D94: =+(AJ94*(1+$AI$5)) -> 12246.7 | G94: =6176*1.19 -> 7349.44 | AJ94: =ROUND((AN94*$AM$79),0) -> 11890 | AN94: 8200
A95: 3.36 | B95: CINTA DE ACERO INOXIDABLE BANDIT DE 5/8" X 1 MTS. | C95: UND | D95: =+(AJ95*(1+$AI$5)) -> 4406.34 | G95: =1953*1.19 -> 2324.07 | AJ95: =ROUND((AN95*$AM$79),0) -> 4278 | AN95: 2950
A96: 3.37 | B96: COLLARIN 2 SALIDAS 6" - 8" | C96: UND | D96: 26730 | G96: =14656*1.19 -> 17440.64 | AJ96: =ROUND((AN96*$AM$79),0) -> 101500 | AN96: 70000
A97: 3.38 | B97: COLLARIN TRANSFORMADOR 6" - 8" | C97: UND | D97: 29780 | G97: =17833*1.19 -> 21221.27 | AJ97: =ROUND((AN97*$AM$79),0) -> 116000 | AN97: 80000
A98: 3.43 | B98: CONECTOR BIMETÁLICO AL NO. 1/0 - CU NO. 2. | C98: UND | D98: 65870 | G98: =55350*1.19 -> 65866.5 | AJ98: =ROUND((AN98*$AM$79),0) -> 15370 | AN98: 10600 | AQ98: PREGUNTEAR ALIRIO | AS98: 15831
A99: 3.48 | B99: CONECTOR PARA OPERAR EN CALIENTE (LINEA VIVA) | C99: UND | D99: 23909 | G99: =18155*1.19 -> 21604.45 | AJ99: =ROUND((AN99*$AM$79),0) -> 20300 | AN99: 14000
A100: 3.51 | B100: CORTACIRCUITOS MONOPOLARES DE 15 KV. CORR. NOM. 100 A. | C100: UND | D100: =+(AJ100*(1+$AI$5)) -> 201622.5 | G100: =135030*1.19 -> 160685.7 | AJ100: =ROUND((AN100*$AM$79),0) -> 195750 | AN100: 135000
A101: 3.52 | B101: CRUCETA METALICA DE 2MTS 2 1/2"X3/16" | C101: UND | D101: =+(AJ101*(1+$AI$5)) -> 97077.5 | G101: =55381*1.19 -> 65903.39 | AJ101: =ROUND((AN101*$AM$79),0) -> 94250 | AN101: 65000
A102: 3.53 | B102: DIAGONAL ANGULO 0.68 CMS | C102: UND | D102: =+(AJ102*(1+$AI$5)) -> 21655.75 | G102: =14835*1.19 -> 17653.65 | AJ102: =ROUND((AN102*$AM$79),0) -> 21025 | AN102: 14500
A103: 3.54 | B103: DIAGONAL EN V PARA CRUCETA METÁLICA 110X40 CM. | C103: UND | D103: =+(AJ103*(1+$AI$5)) -> 44506.3 | AJ103: =ROUND((AN103*$AM$79),0) -> 43210 | AN103: 29800
...

Sheet MAQUINARIA Y EQUIPOS 
A2: =+'Ingeniero y obra'!B5 -> "REALIZAR OBRAS DE MANTENIMIENTO A LAS SEDES DONDE FUNCIONA LA DIRECCION REGIONAL Y DEL CENTRO DE LA INDUSTRIA, LA EMPRESA Y LOS SERVICIOS DEL SENA REGIONAL HUILA "
A3: MATERIALES Y EQUIPOS
A5: ITEM | B5: DESCRIPCION | C5: UND | D5: VR/UNIT | G5: PRECIO 2021
A6: 1 | B6: EQUIPOS | D6: DIA | E6: HR | G6: 0.03
A7: 1.3 | B7: COMPRESOR 125 CFM-1 MARTILLO. | C7: DIA | D7: =+H7*(1+$G$6) -> 473800 | E7: =+D7/8 -> 59225 | H7: 460000
A8: 1.4.1 | B8: CORTADORA DE PAVIMENTOS RÍGIDOS Y FLEXIBLES GASOLINA | C8: DIA | D8: =+H8*(1+$G$6) -> 133900 | E8: =+D8/8 -> 16737.5 | H8: 130000
A9: 1.10 | B9: ESTACION TOTAL DE TOPOGRAFÍA | C9: DIA | D9: =+H9*(1+$G$6) -> 195700 | E9: =+D9/8 -> 24462.5 | H9: 190000
A10: 1.10.1 | B10: NIVEL ÓPTICO | C10: DIA | D10: =+E10*8 -> 39904 | E10: 4988
A11: 1.12 | B11: HERRAMIENTA MENOR. | C11: DIA | D11: =+H11*(1+$G$6) -> 19570 | E11: =D11/8 -> 2446.25 | H11: 19000
A12: 1,12,1 | B12: HERRAMIENTA MENOR (10% MO) | C12: DIA | D12: =+H12 -> Global | E12: Global | H12: Global
A13: 1.16 | B13: MEZCLADORA DE CONCRETO 9 P3. | C13: DIA | D13: =+H13*(1+$G$6) -> 72100 | E13: =D13/8 -> 9012.5 | H13: 70000
A14: 1.18 | B14: MOTOSIERRA. | C14: DIA | D14: =+H14*(1+$G$6) -> 49440 | E14: =D14/8 -> 6180 | F14: 20000 | H14: 48000
A15: 1202 | B15: PULIDORA DE 9" | C15: DIA | D15: =+H15*(1+$G$6) -> 25750 | E15: =+D15/8 -> 3218.75 | H15: 25000
A16: 1.21 | B16: RANA VIBROCOMPACTADORA O COMPACTADOR MANUAL (80-100)Kg. | C16: DIA | D16: =+H16*(1+$G$6)+9000 -> 9000 | E16: =D16/8 -> 1125
A17: 1.25 | B17: VIBRADOR DE CONCRETO ELECTRICO O A GASOLINA. | C17: DIA | D17: =+H17*(1+$G$6) -> 77250 | E17: =+D17/8 -> 9656.25 | H17: 75000
A18: 1.26 | B18: EQUIPO DE SOLDADURA | C18: DIA | D18: 65000 | E18: =+D18/8 -> 8125
A19: 1.27 | B19: ANDAMIO CERTIFICADO | C19: DIA | D19: 95000 | E19: =+D19/8 -> 11875
A20: 1.28 | B20: TALADRO | C20: DIA | D20: 30000 | E20: =+D20/8 -> 3750
A21: 1.29 | B21: DISCO DIAMANTADO EN COPA 4 1/2" | C21: UND | D21: 115000 | E21: =+D21/8 -> 14375
H22: 75000
A24: 2 | B24: FORMALETAS
A25: 2.10 | B25: FORMALETA GAVION | C25: M3 | D25: =+H25*(1+$G$6) -> 8240 | E25: 8240 | H25: 8000
A26: 2,26,2 | B26: MOLDE ADOQUIN CANASTILLA | C26: UND | D26: 42900 | E26: =+D26/8 -> 5362.5 | I26: =220000*11.19 -> 2461800 | J26: precio
A27: 2.31 | B27: FORMALETA DE MADERA PARA COLUMNAS - VIGAS | C27: UND | D27: =+H27*(1+$G$6) -> 5150 | E27: 36096 | H27: 5000
A28: 2.32 | B28: FORMALETA METALICA PARA COLUMNAS YVIGAS | C28: UND | E28: 55000 | I28: =220000*11.19 -> 2461800 | J28: precio
A29: 2.33 | B29: FORMALETA DE MADERA PARA PLACAS INCLUYE PARALES | C29: UND | D29: =+H29*(1+$G$6) -> 5150 | E29: 65000 | H29: 5000
A31: 3 | B31: MAQUINARIA
A32: 3.6.1 | B32: CAMIONETA ≥1600 CC. | C32: HR | D32: =+E32*8 -> 207000 | E32: 25875
A33: 3.7 | B33: RETROCARGADOR S/LLANTA (70-90) HP. | C33: HR | D33: =+H33*(1+$G$6) -> 123600 | E33: =+D33/8 -> 15450 | H33: 120000
A34: 3.11 | B34: CARROTANQUE IRRIGADOR DE AGUA. INCLUYE SUMINISTRO DE AGUA. | C34: DIA | D34: =+H34*(1+$G$6) -> 545900 | E34: =D34/8 -> 68237.5 | H34: 530000
A35: 3,11,1 | B35: CARROTANQUE IRRIGADOR DE AGUA. | C35: DIA | D35: =+H35*(1+$G$6) -> 628300 | E35: =D35/8 -> 78537.5 | H35: 610000
A36: 3.13 | B36: GRUA 5 TON. | C36: HR | D36: =+H36*(1+$G$6) -> 56650 | H36: 55000
A37: 3.13.1 | B37: GRUA CON BRAZO ARTICULADO | C37: DIA | D37: =+H37*(1+$G$6) -> 1236000 | E37: =+D37/8 -> 154500 | H37: 1200000
A38: 3.17 | B38: MOTONIVELADORA | C38: DIA | D38: =+H38*(1+$G$6) -> 1225700 | E38: =+D38/8 -> 153212.5 | H38: 1190000
A39: 3.19 | B39: RETROCARGADOR S/LLANTA (70-90)HP. | C39: DIA | D39: =+H39*(1+$G$6) -> 1009400 | E39: =+D39/8 -> 126175 | H39: 980000
A40: 3.30 | B40: SERVICIO DE CAMABAJA (91-130)KM. | C40: CICLO/UND. | D40: =+H40*(1+$G$6) -> 2060000 | H40: 2000000
A41: 3,35,1 | B41: VIBROCOMPACTADOR | C41: DIA | D41: =+H41*(1+$G$6) -> 927000 | E41: =+D41/8 -> 115875 | H41: 900000
A42: 3.38 | B42: VOLQUETA 6 M3 | C42: DIA | D42: =+H42*(1+$G$6) -> 545900 | E42: =+D42/8 -> 68237.5 | H42: 530000
A43: 3.40 | B43: CAMIONETA DOBLE CABINA | C43: DIA | D43: 293000 | E43: =+D43/8 -> 36625 | H43: 220000
A44: 3.41 | B44: ESTROBOS , MANILLAS | C44: DIA | D44: 2575 | E44: 2575

Sheet MANO DE OBRA
B2: =+'Ingeniero y obra'!B5 -> "REALIZAR OBRAS DE MANTENIMIENTO A LAS SEDES DONDE FUNCIONA LA DIRECCION REGIONAL Y DEL CENTRO DE LA INDUSTRIA, LA EMPRESA Y LOS SERVICIOS DEL SENA REGIONAL HUILA "
B3: LISTADO OFICIAL DE VALORES MANO DE OBRA
B5: MANO DE OBRA - FACTOR PRESTACIONAL
B7: OBJETO: PRECIOS UNITARIOS OFICIALES
A9: COD. | B9: SALARIO MINIMO LEGAL - AÑO 2023 | F9: 1160000
B10: AUXILIO DE TRANSPORTE - AÑO 2023 | F10: 140606
B12: TRABAJADORES Y FACTOR PRESTACIONAL INGRESOS MENORES A DOS (02) SMLMV
A14: 1 | B14: Ayudante (Incl. Prestaciones) | E14: =+F35 -> 72958.467 | F14: =+F36 -> 9119.8083
B15: DESCRIPCIÓN | C15: UNIDAD | D15: CANT | E15: V/r UNITARIO | F15: V/r PARCIAL
B16: AYUDANTE | C16: DIA | D16: 1 | E16: =+F9/30 -> 38666.667 | F16: =+E16 -> 38666.667 | H16: =+F16*30 -> 1160000 | I16: =+E16*30 -> 1160000
H17: =+F17*30 -> 0
B18: PRESTACIONES SOCIALES | H18: =+F18*30 -> 0 | K18: mensual | L18: diario | N18: anual
B19: Subsidio de transporte | C19: % | D19: =+ROUND(F19/$F$16,4) -> 0.1212 | E19: =+E16 -> 38666.667 | F19: =+ROUNDUP(F10/30,1) -> 4686.9 | H19: =+F19*30 -> 140607 | I19: =+E16/12 -> 3222.2222 | J19: AUX. TRANSPORTE | K19: 106454 | L19: =+K19/30 -> 3548.4667 | M19: =+L19/F16 -> 0.09177069 | N19: =+K19*12 -> 1277448
B20: Cesantias | C20: % | D20: =+ROUND(F20/$F$16,4) -> 0.0934 | E20: =+E19 -> 38666.667 | F20: =+ROUNDUP(((F9+F10)*0.00277777777777778),1) -> 3612.8 | H20: =+F20*30 -> 108384 | J20: CESANTIA | K20: =+(F9+F10)/12 -> 108383.83 | L20: =+K20/30 -> 3612.7944 | M20: =+L20/F16 -> 0.093434339 | N20: =+K20*12 -> 1300606
B21: Intereses de cesantias | C21: % | D21: 0.01 | E21: =+E20 -> 38666.667 | F21: =+ROUNDUP(F16*D21,1) -> 386.7 | H21: =+F21*30 -> 11601 | J21: =+B21 -> Intereses de cesantias | K21: =+(K20*30*0.01)/30 -> 1083.8383 | L21: =+K21/30 -> 36.127944 | M21: =+L21/F16 -> 0.00093434339 | N21: =+K21*12 -> 13006.06
B22: Prima legal | C22: % | D22: =+ROUND(F22/$F$16,4) -> 0.0934 | E22: =+E21 -> 38666.667 | F22: =+ROUNDUP(((F9+F10)*0.00277777777777778),1) -> 3612.8 | H22: =+F22*30 -> 108384 | J22: =+B22 -> Prima legal | K22: =+(F9+F10)/12 -> 108383.83 | L22: =+K22/30 -> 3612.7944 | M22: =+L22/F16 -> 0.093434339 | N22: =+K22*12 -> 1300606
B23: Vacaciones | C23: % | D23: =+ROUND(F23/$F$16,4) -> 0.0417 | E23: =+E22 -> 38666.667 | F23: =+ROUNDUP(((F9*1)/720),1) -> 1611.2 | H23: =+F23*30 -> 48336 | J23: =+B23 -> Vacaciones | K23: =+F9/24 -> 48333.333 | L23: =+K23/30 -> 1611.1111 | M23: =+L23/F16 -> 0.041666667 | N23: =+K23*12 -> 580000
B24: Seguridad Social | C24: % | D24: =+ROUND(F24/$F$16,4) -> 0.3546 | E24: =+E23 -> 38666.667 | F24: =+ROUNDUP((F9*0.3546)/30,1) -> 13711.2 | H24: =+F24*30 -> 411336 | J24: =+B24 -> Seguridad Social | K24: =+(F9*(0.16+0.125+0.0696)) -> 411336 | L24: =+K24/30 -> 13711.2 | M24: =+L24/F16 -> 0.3546 | N24: =+K24*12 -> 4936032 | P24: =16+12.5+6.96 -> 35.46
H25: =+F25*30 -> 0
B26: APORTES PARAFISCALES: | H26: =+F26*30 -> 0
B27: Caja de compesnacion familiar | C27: % | D27: 0.04 | E27: =+E24 -> 38666.667 | F27: =+ROUNDUP(D27*F16,1) -> 1546.7 | H27: =+F27*30 -> 46401
B28: Sena | C28: % | D28: 0.02 | E28: =+E27 -> 38666.667 | F28: =+ROUNDUP(F16*D28,1) -> 773.4 | H28: =+F28*30 -> 23202
B29: FIC | C29: % | D29: 0.0175 | E29: =+E28 -> 38666.667 | F29: =+ROUNDUP(F16*D29,1) -> 676.7 | H29: =+F29*30 -> 20301
B30: ICBF | C30: % | D30: 0.03 | E30: =+E29 -> 38666.667 | F30: =+ROUNDUP(F16*D30,1) -> 1160 | H30: =+F30*30 -> 34800
H31: =+F31*30 -> 0
B32: DOTACIÓN | C32: % | D32: 0.065 | E32: =+E30 -> 38666.667 | F32: =+ROUNDUP(E32*D32,1) -> 2513.4 | H32: =+F32*30 -> 75402
B34: Incremento Salarial - TOTAL | C34: % | D34: =SUM(D19:D33) -> 0.8868
B35: Valor Unitario | E35: (Día) | F35: =SUM(F16:F34) -> 72958.467 | I35: 86.26 | J35: 56406.14 | L35: =+F35/F16 -> 1.8868569 | N35: =+F16*(1+D34) -> 72956.267
B36: Valor Unitario | E36: (Hora) | F36: =+F35/8 -> 9119.8083 | J36: 7050.7674 | L36: =1-L35 -> -0.8868569
A38: 2 | B38: Ayudante Practico (Incl. Prestaciones) | E38: =+F42 -> 99950.211 | F38: =+F43 -> 12493.776
B39: DESCRIPCIÓN | C39: UNIDAD | D39: CANT | E39: V/r UNITARIO | F39: V/r PARCIAL
B40: Ayudabte práctico | C40: DIA | D40: 1 | E40: =+E16*1.37 -> 52973.333 | F40: =+ROUNDUP(F16*1.37,1) -> 52973.4 | I40: =+E40*30 -> 1589200
B41: Incremento Salarial Prestaciones | C41: % | D41: =+D34 -> 0.8868
B42: Valor Unitario | E42: (Día) | F42: =+F40*(1+D41) -> 99950.211 | K42: 77273.968
B43: Valor Unitario | E43: (Hora) | F43: =+F42/8 -> 12493.776 | K43: 9659.246
A45: 3 | B45: Oficial (Incl. Prestaciones) | E45: =+F49 -> 127673.53 | F45: =+F50 -> 15959.191
B46: DESCRIPCIÓN | C46: UNIDAD | D46: CANT | E46: V/r UNITARIO | F46: V/r PARCIAL
B47: Oficial. | C47: DIA | D47: 1 | E47: =E16*1.75 -> 67666.667 | F47: =+ROUNDUP(F16*1.75,1) -> 67666.7 | I47: =+E47*30 -> 2030000
B48: Incremento Salarial Prestaciones | C48: % | D48: =+D34 -> 0.8868
B49: Valor Unitario | E49: (Día) | F49: =+F47*(1+D48) -> 127673.53
B50: Valor Unitario | E50: (Hora) | F50: =+F49/8 -> 15959.191
A52: 6 | B52: Oficial Eléctrico (Incl. Prestaciones) | E52: =+F56 -> 127673.53 | F52: =+F57 -> 15959.191
B53: DESCRIPCIÓN | C53: UNIDAD | D53: CANT | E53: V/r UNITARIO | F53: V/r PARCIAL
B54: Oficial Eléctrico. | C54: DIA | D54: 1 | E54: =+E47 -> 67666.667 | F54: =+F47 -> 67666.7 | I54: =+E54*30 -> 2030000
B55: Incremento Salarial Prestaciones | C55: % | D55: =+D34 -> 0.8868
B56: Valor Unitario | E56: (Día) | F56: =+F54*(1+D55) -> 127673.53
B57: Valor Unitario | E57: (Hora) | F57: =+F56/8 -> 15959.191
A59: 7 | B59: Ayudante Practico Eléctrico (Incl. Prestaciones) | E59: =+F63 -> 99950.211 | F59: =+F64 -> 12493.776
B60: DESCRIPCIÓN | C60: UNIDAD | D60: CANT | E60: V/r UNITARIO | F60: V/r PARCIAL
B61: Oficial | C61: DIA | D61: 1 | E61: =+E40 -> 52973.333 | F61: =+F40 -> 52973.4 | I61: =+E61*30 -> 1589200
B62: Incremento Salarial Prestaciones | C62: % | D62: =+D34 -> 0.8868
B63: Valor Unitario | E63: (Día) | F63: =+F61*(1+D62) -> 99950.211
B64: Valor Unitario | E64: (Hora) | F64: =+F63/8 -> 12493.776
A66: 8 | B66: Ayudante Eléctrico (Incl. Prestaciones) | E66: =+F70 -> 72958.467 | F66: =+F71 -> 9119.8083
B67: DESCRIPCIÓN | C67: UNIDAD | D67: CANT | E67: V/r UNITARIO | F67: V/r PARCIAL
B68: AYUDANTE | C68: DIA | D68: 1 | E68: =+E16 -> 38666.667 | F68: =+F16 -> 38666.667 | I68: =+E68*30 -> 1160000
B69: Incremento Salarial Prestaciones | C69: % | D69: =+D34 -> 0.8868
B70: Valor Unitario | E70: (Día) | F70: =+F35 -> 72958.467
B71: Valor Unitario | E71: (Hora) | F71: =+F70/8 -> 9119.8083
A73: 10 | B73: Cadenero (Incl. Prestaciones) | E73: =+F77 -> 99950.211 | F73: =+F78 -> 12493.776
B74: DESCRIPCIÓN | C74: UNIDAD | D74: CANT | E74: V/r UNITARIO | F74: V/r PARCIAL
B75: Cadenero | C75: DIA | D75: 1 | E75: =+E61 -> 52973.333 | F75: =+F40 -> 52973.4 | I75: =+E75*30 -> 1589200
B76: Incremento Salarial Prestaciones | C76: % | D76: =+D34 -> 0.8868
B77: Valor Unitario | E77: (Día) | F77: =+F75*(1+D76) -> 99950.211
B78: Valor Unitario | E78: (Hora) | F78: =+F77/8 -> 12493.776
A80: 16 | B80: ASERRADOR (Incl. Prestaciones) | E80: =+F84 -> 145912.46 | F80: =+F85 -> 18239.058
B81: DESCRIPCIÓN | C81: UNIDAD | D81: CANT | E81: V/r UNITARIO | F81: V/r PARCIAL | K81: =+E16 -> 38666.667
B82: Aserrador | C82: DIA | D82: 1 | E82: =+E75 -> 52973.333 | F82: =+F16*1.999999 -> 77333.295 | I82: =+F82*30 -> 2319998.8 | K82: =+K81*30*2 -> 2320000 | L82: =+K82*30 -> 69600000
B83: Incremento Salarial - TOTAL | C83: % | D83: =+D34 -> 0.8868
B84: Valor Unitario | E84: (Día) | F84: =+F82*(1+D83) -> 145912.46
B85: Valor Unitario | E85: (Hora) | F85: =+F84/8 -> 18239.058
A87: 17 | B87: Oficial de carpinteria en aluminio | E87: =+F91 -> 145912.46 | F87: =+F92 -> 18239.058
B88: DESCRIPCIÓN | C88: UNIDAD | D88: CANT | E88: V/r UNITARIO | F88: V/r PARCIAL
B89: Oficial Eléctrico. | C89: DIA | D89: 1 | E89: =+E54 -> 67666.667 | F89: =+F82 -> 77333.295 | I89: =+E89*30 -> 2030000
B90: Incremento Salarial Prestaciones | C90: % | D90: =+D69 -> 0.8868
B91: Valor Unitario | E91: (Día) | F91: =+F89*(1+D90) -> 145912.46
B92: Valor Unitario | E92: (Hora) | F92: =+F91/8 -> 18239.058
A94: 18 | B94: Ayudante Practico carpinteria en aluminio (Incl. Prestaciones) | E94: =+F98 -> 99950.211 | F94: =+F99 -> 12493.776
B95: DESCRIPCIÓN | C95: UNIDAD | D95: CANT | E95: V/r UNITARIO | F95: V/r PARCIAL
B96: Oficial | C96: DIA | D96: 1 | E96: =+E40 -> 52973.333 | F96: =+F75 -> 52973.4 | I96: =+E96*30 -> 1589200
B97: Incremento Salarial Prestaciones | C97: % | D97: =+D69 -> 0.8868
B98: Valor Unitario | E98: (Día) | F98: =+F96*(1+D97) -> 99950.211
B99: Valor Unitario | E99: (Hora) | F99: =+F98/8 -> 12493.776
B100: TRABAJADORES Y FACTOR PRESTACIONAL INGRESOS MAYORES A DOS (02) SMLMV
B102: DESCRIPCIÓN | C102: UNIDAD | D102: CANT | E102: V/r UNITARIO | F102: V/r PARCIAL
B103: TRABAJADOR INGRESO MAYOR A 2 SMLMV | C103: DIA | D103: 1 | E103: =+F76/30 -> 0 | F103: =+F16*2 -> 77333.333 | J103: =+F9*2 -> 2320000
B105: PRESTACIONES SOCIALES | K105: mensual | L105: diario | N105: anual
B106: Subsidio de transporte | C106: % | D106: =+ROUND(F106/$F$16,4) -> 0 | E106: =+E103 -> 0 | F106: =+ROUNDUP(F77/30,1)*0 -> 0 | J106: AUX. TRANSPORTE | K106: 0 | L106: =+K106/30 -> 0 | M106: =+L106/E106 -> #DIV/0! | N106: =+K106*12 -> 0
B107: Cesantias | C107: % | D107: =+ROUND(F107/F103,4) -> 0.0833 | E107: =+E106 -> 0 | F107: =+ROUNDUP((((F103*30)/12)/30),1) -> 6444.5 | J107: CESANTIA | K107: =+(J103)/12 -> 193333.33 | L107: =+K107/30 -> 6444.4444 | M107: =+L107/F103 -> 0.083333333 | N107: =+K107*12 -> 2320000
B108: Intereses de cesantias | C108: % | D108: 0.01 | E108: =+E107 -> 0 | F108: =+D108*F103 -> 773.33333 | J108: =+B108 -> Intereses de cesantias | K108: =+(K107*30*0.01)/30 -> 1933.3333 | L108: =+K108/30 -> 64.444444 | M108: =+L108/F103 -> 0.00083333333 | N108: =+K108*12 -> 23200
B109: Prima legal | C109: % | D109: =+ROUND(F109/F103,4) -> 0.0833 | E109: =+E108 -> 0 | F109: =+ROUNDUP((((F103*30)/12)/30),1) -> 6444.5 | J109: =+B109 -> Prima legal | K109: =+J103/12 -> 193333.33 | L109: =+K109/30 -> 6444.4444 | M109: =+L109/F103 -> 0.083333333 | N109: =+K109*12 -> 2320000
B110: Vacaciones | C110: % | D110: =+ROUND(F110/F103,4) -> 0.0417 | E110: =+E109 -> 0 | F110: =+ROUNDUP(((F103*30)/720),1) -> 3222.3 | J110: =+B110 -> Vacaciones | K110: =+J103/24 -> 96666.667 | L110: =+K110/30 -> 3222.2222 | M110: =+L110/F103 -> 0.041666667 | N110: =+K110*12 -> 1160000
B111: Seguridad Social | C111: % | D111: =+ROUND(F111/F103,4) -> 0.3546 | E111: =+E110 -> 0 | F111: =+ROUNDUP((F103*30*0.3546)/30,1) -> 27422.4 | J111: =+B111 -> Seguridad Social | K111: =+(F76*(0.16+0.125+0.0696)) -> 0 | L111: =+K111/30 -> 0 | M111: =+L111/F103 -> 0 | N111: =+K111*12 -> 0
B113: APORTES PARAFISCALES:
B114: Caja de compesnacion familiar | C114: % | D114: 0.04 | E114: =+E111 -> 0 | F114: =+ROUNDUP(D114*F103,1) -> 3093.4 | J114: =+(F103*30)/12 -> 193333.33
B115: Sena | C115: % | D115: 0.02 | E115: =+E114 -> 0 | F115: =+ROUNDUP(F103*D115,1) -> 1546.7 | J115: =+J114/30 -> 6444.4444
B116: FIC | C116: % | D116: 0.0175 | E116: =+E115 -> 0 | F116: =+ROUNDUP(F103*D116,1) -> 1353.4
B117: ICBF | C117: % | D117: 0.03 | E117: =+E116 -> 0 | F117: =+ROUNDUP(F103*D117,1) -> 2320
B119: DOTACIÓN | C119: % | D119: 0 | E119: =+E117 -> 0 | F119: =+ROUNDUP(F103*D119,1) -> 0
B121: Incremento Salarial - TOTAL | C121: % | D121: =SUM(D106:D120) -> 0.6804
...

Sheet ANALISIS BASICOS
C2: ANÁLISIS DE PRECIOS UNITARIOS
C4: ANÁLISIS DE PRECIOS UNITARIOS
C6: =+'Ingeniero y obra'!B5 -> "REALIZAR OBRAS DE MANTENIMIENTO A LAS SEDES DONDE FUNCIONA LA DIRECCION REGIONAL Y DEL CENTRO DE LA INDUSTRIA, LA EMPRESA Y LOS SERVICIOS DEL SENA REGIONAL HUILA " | G6: ITEM | H6: CONCRETO SIMPLE DE 3500 PSI (246 KG/CM2)
G9: UNIDAD: | H9: M3
C10: I. EQUIPO
C11: Descripción | G11: Tarifa/Hora | H11: Rendimiento | I11: Valor-Unit.
A12: 1.16 | C12: =+ VLOOKUP(A12,MAQYEQUIP,2,FALSE) -> MEZCLADORA DE CONCRETO 9 P3. | G12: =+VLOOKUP(A12,MAQYEQUIP,5,FALSE) -> 9012.5 | H12: =+H32 -> 0.4 | I12: =G12/H12 -> 22531.25
A13: 1,12,1 | C13: =+ VLOOKUP(A13,MAQYEQUIP,2,FALSE) -> HERRAMIENTA MENOR (10% MO) | G13: =+VLOOKUP(A13,MAQYEQUIP,5,FALSE) -> Global | H13: 0.1 | I13: =+H13*J34 -> 15389.558
C16: SUB-TOTAL | J16: =SUM(I12:I15) -> 37920.808
C17: II. MATERIALES
C18: Descripción | F18: Unidad | G18: Precio-Unit. | H18: Cantidad. | I18: Valor-Unit.
A19: 2.12 | C19: =+VLOOKUP(A19,MATERIALES,2,FALSE) -> CEMENTO GRIS (PUESTO EN OBRA) | F19: =+VLOOKUP(A19,MATERIALES,3,FALSE) -> KG | G19: =+VLOOKUP(A19,MATERIALES,4,FALSE) -> 560 | H19: 420 | I19: =+H19*G19 -> 235200
A20: 2.1 | C20: =+VLOOKUP(A20,MATERIALES,2,FALSE) -> ARENA | F20: =+VLOOKUP(A20,MATERIALES,3,FALSE) -> M3 | G20: =+VLOOKUP(A20,MATERIALES,4,FALSE) -> 61491 | H20: 0.67 | I20: =+H20*G20 -> 41198.97
A21: 2.26 | C21: =+VLOOKUP(A21,MATERIALES,2,FALSE) -> GRAVILLA DE PLANTA | F21: =+VLOOKUP(A21,MATERIALES,3,FALSE) -> M3 | G21: =+VLOOKUP(A21,MATERIALES,4,FALSE) -> 97485 | H21: 0.67 | I21: =+H21*G21 -> 65314.95
A22: 7.4 | C22: =+VLOOKUP(A22,MATERIALES,2,FALSE) -> AGUA | F22: =+VLOOKUP(A22,MATERIALES,3,FALSE) -> LT | G22: =+VLOOKUP(A22,MATERIALES,4,FALSE) -> 38 | H22: 250 | I22: =+H22*G22 -> 9500
A23: 2,2,1 | C23: =+VLOOKUP(A23,MATERIALES,2,FALSE) -> GASOLINA Y/O A.C.P.M. | F23: =+VLOOKUP(A23,MATERIALES,3,FALSE) -> GAL | G23: =+VLOOKUP(A23,MATERIALES,4,FALSE) -> 9270 | H23: =+ROUNDUP(((1/H32)*(2.7/3.78))*1.05*1.05,1) -> 2 | I23: =+H23*G23 -> 18540
C24: SUB-TOTAL | J24: =SUM(I19:I23) -> 369753.92
C25: III. TRANSPORTES
C26: =+'[111]HOJA MODELO'!$A$21 -> Descripción | D26: Volumen M3 | E26: Peso (Ton) | F26: Distancia (Km) | G26: Tarifa Escombrera ($/M3) | H26: Tarifa Transporte $/(M3-Km) | I26: Valor-Unit.
C27: TRANSPORTE DE MATERIAL PETREO | D27: =+H20+H21 -> 1.34 | F27: 15 | H27: =+Transporte!E10 -> 1550 | I27: =+H27*F27*D27 -> 31155
C29: SUB-TOTAL | J29: =SUM(I27:I28) -> 31155
C30: IV. MANO DE OBRA
C31: Trabajador | F31: Jornal/H-H | G31: Unidad | H31: Rendimiento | I31: Valor-Unit.
A32: 3 | C32: =+VLOOKUP(A32,MO,2,FALSE) -> Oficial (Incl. Prestaciones) | F32: =+VLOOKUP(A32,MO,6,FALSE) -> 15959.191 | G32: 1 | H32: 0.4 | I32: =(F32*G32)/H32 -> 39897.978
A33: 1 | C33: =+VLOOKUP(A33,MO,2,FALSE) -> Ayudante (Incl. Prestaciones) | F33: =+VLOOKUP(A33,MO,6,FALSE) -> 9119.8083 | G33: 5 | H33: =+H32 -> 0.4 | I33: =(F33*G33)/H33 -> 113997.6
C34: SUB-TOTAL | J34: =SUM(I32:I33) -> 153895.58
C36: VALOR UNITARIO | J36: =ROUND(J16+J24+J29+J34,0) -> 592725
C38: ANÁLISIS DE PRECIOS UNITARIOS
D42: ANÁLISIS DE PRECIOS UNITARIOS
C44: =+'Ingeniero y obra'!B5 -> "REALIZAR OBRAS DE MANTENIMIENTO A LAS SEDES DONDE FUNCIONA LA DIRECCION REGIONAL Y DEL CENTRO DE LA INDUSTRIA, LA EMPRESA Y LOS SERVICIOS DEL SENA REGIONAL HUILA " | G44: ITEM | H44: CONCRETO SIMPLE DE 3000 PSI (210 KG/CM2)
G47: UNIDAD: | H47: M3
C48: I. EQUIPO
C49: Descripción | G49: Tarifa/Hora | H49: Rendimiento | I49: Valor-Unit.
A50: 1.16 | C50: =+ VLOOKUP(A50,MAQYEQUIP,2,FALSE) -> MEZCLADORA DE CONCRETO 9 P3. | G50: =+VLOOKUP(A50,MAQYEQUIP,5,FALSE) -> 9012.5 | H50: =+H70 -> 0.44 | I50: =G50/H50 -> 20482.955
A51: 1,12,1 | C51: =+ VLOOKUP(A51,MAQYEQUIP,2,FALSE) -> HERRAMIENTA MENOR (10% MO) | G51: =+VLOOKUP(A51,MAQYEQUIP,5,FALSE) -> Global | H51: 0.1 | I51: =+H51*J72 -> 13990.507
L52: 9615
C54: SUB-TOTAL | J54: =SUM(I50:I53) -> 34473.462
C55: II. MATERIALES
C56: Descripción | F56: Unidad | G56: Precio-Unit. | H56: Cantidad. | I56: Valor-Unit.
A57: 2.12 | C57: =+VLOOKUP(A57,MATERIALES,2,FALSE) -> CEMENTO GRIS (PUESTO EN OBRA) | F57: =+VLOOKUP(A57,MATERIALES,3,FALSE) -> KG | G57: =+VLOOKUP(A57,MATERIALES,4,FALSE) -> 560 | H57: =350 -> 350 | I57: =+H57*G57 -> 196000
A58: 2.1 | C58: =+VLOOKUP(A58,MATERIALES,2,FALSE) -> ARENA | F58: =+VLOOKUP(A58,MATERIALES,3,FALSE) -> M3 | G58: =+VLOOKUP(A58,MATERIALES,4,FALSE) -> 61491 | H58: =0.56 -> 0.56 | I58: =+H58*G58 -> 34434.96
A59: 2.26 | C59: =+VLOOKUP(A59,MATERIALES,2,FALSE) -> GRAVILLA DE PLANTA | F59: =+VLOOKUP(A59,MATERIALES,3,FALSE) -> M3 | G59: =+VLOOKUP(A59,MATERIALES,4,FALSE) -> 97485 | H59: =0.84 -> 0.84 | I59: =+H59*G59 -> 81887.4
A60: 7.4 | C60: =+VLOOKUP(A60,MATERIALES,2,FALSE) -> AGUA | F60: =+VLOOKUP(A60,MATERIALES,3,FALSE) -> LT | G60: =+VLOOKUP(A60,MATERIALES,4,FALSE) -> 38 | H60: =180 -> 180 | I60: =+H60*G60 -> 6840
A61: 2,2,1 | C61: =+VLOOKUP(A61,MATERIALES,2,FALSE) -> GASOLINA Y/O A.C.P.M. | F61: =+VLOOKUP(A61,MATERIALES,3,FALSE) -> GAL | G61: =+VLOOKUP(A61,MATERIALES,4,FALSE) -> 9270 | H61: =+ROUNDUP(((1/H70)*(2.7/3.78))*1.05*1.05,1) -> 1.8 | I61: =+H61*G61 -> 16686 | L61: =1/H70 -> 2.2727273
C62: SUB-TOTAL | J62: =SUM(I57:I61) -> 335848.36
C63: III. TRANSPORTES
C64: =+'[111]HOJA MODELO'!$A$21 -> Descripción | D64: Volumen M3 | E64: Peso (Ton) | F64: Distancia (Km) | G64: Tarifa Escombrera ($/M3) | H64: Tarifa Transporte $/(M3-Km) | I64: Valor-Unit.
C65: TRANSPORTE DE MATERIAL PETREO | D65: =+H58+H59 -> 1.4 | F65: 15 | H65: =+Transporte!E10 -> 1550 | I65: =+H65*F65*D65 -> 32550
C67: SUB-TOTAL | J67: =SUM(I65:I66) -> 32550
C68: IV. MANO DE OBRA
C69: Trabajador | F69: Jornal/H-H | G69: Unidad | H69: Rendimiento | I69: Valor-Unit.
A70: 3 | C70: =+VLOOKUP(A70,MO,2,FALSE) -> Oficial (Incl. Prestaciones) | F70: =+VLOOKUP(A70,MO,6,FALSE) -> 15959.191 | G70: 1 | H70: 0.44 | I70: =(F70*G70)/H70 -> 36270.889 | L70: =8*24 -> 192 | M70: horas | N70: Rendimiento | O70: Und/Hr
A71: 1 | C71: =+VLOOKUP(A71,MO,2,FALSE) -> Ayudante (Incl. Prestaciones) | F71: =+VLOOKUP(A71,MO,6,FALSE) -> 9119.8083 | G71: 5 | H71: 0.44 | I71: =(F71*G71)/H71 -> 103634.19 | L71: =+L70*H70 -> 84.48 | M71: m3
C72: SUB-TOTAL | J72: =SUM(I70:I71) -> 139905.07 | L72: =+L70*F70 -> 3064164.7
L73: =120000/24 -> 5000
C74: VALOR UNITARIO | J74: =ROUND(J54+J62+J67+J72,0) -> 542777 | L74: =+L73/8 -> 625
C78: ANÁLISIS DE PRECIOS UNITARIOS
C80: =+'Ingeniero y obra'!B5 -> "REALIZAR OBRAS DE MANTENIMIENTO A LAS SEDES DONDE FUNCIONA LA DIRECCION REGIONAL Y DEL CENTRO DE LA INDUSTRIA, LA EMPRESA Y LOS SERVICIOS DEL SENA REGIONAL HUILA " | G80: ITEM | H80: CONCRETO SIMPLE - 2500 PSI ( 175 KG/CM2)
G83: UNIDAD: | H83: M3
C84: I. EQUIPO
C85: Descripción | G85: Tarifa/Hora | H85: Rendimiento | I85: Valor-Unit.
A86: 1.16 | C86: =+ VLOOKUP(A86,MAQYEQUIP,2,FALSE) -> MEZCLADORA DE CONCRETO 9 P3. | G86: =+VLOOKUP(A86,MAQYEQUIP,5,FALSE) -> 9012.5 | H86: =+H106 -> 0.48 | I86: =G86/H86 -> 18776.042
A87: 1,12,1 | C87: =+ VLOOKUP(A87,MAQYEQUIP,2,FALSE) -> HERRAMIENTA MENOR (10% MO) | G87: Global | H87: 0.1 | I87: =+H87*J108 -> 12824.632
C90: SUB-TOTAL | J90: =SUM(I86:I89) -> 31600.674
C91: II. MATERIALES
C92: Descripción | F92: Unidad | G92: Precio-Unit. | H92: Cantidad. | I92: Valor-Unit. | M92: =+G93*50 -> 28000
A93: 2.12 | C93: =+VLOOKUP(A93,MATERIALES,2,FALSE) -> CEMENTO GRIS (PUESTO EN OBRA) | F93: =+VLOOKUP(A93,MATERIALES,3,FALSE) -> KG | G93: =+VLOOKUP(A93,MATERIALES,4,FALSE) -> 560 | H93: 300 | I93: =+H93*G93 -> 168000
A94: 2.1 | C94: =+VLOOKUP(A94,MATERIALES,2,FALSE) -> ARENA | F94: =+VLOOKUP(A94,MATERIALES,3,FALSE) -> M3 | G94: =+VLOOKUP(A94,MATERIALES,4,FALSE) -> 61491 | H94: 0.48 | I94: =+H94*G94 -> 29515.68
A95: 2.26 | C95: =+VLOOKUP(A95,MATERIALES,2,FALSE) -> GRAVILLA DE PLANTA | F95: =+VLOOKUP(A95,MATERIALES,3,FALSE) -> M3 | G95: =+VLOOKUP(A95,MATERIALES,4,FALSE) -> 97485 | H95: 0.95 | I95: =+H95*G95 -> 92610.75
A96: 7.4 | C96: =+VLOOKUP(A96,MATERIALES,2,FALSE) -> AGUA | F96: =+VLOOKUP(A96,MATERIALES,3,FALSE) -> LT | G96: =+VLOOKUP(A96,MATERIALES,4,FALSE) -> 38 | H96: 170 | I96: =+H96*G96 -> 6460
A97: 2,2,1 | C97: =+VLOOKUP(A97,MATERIALES,2,FALSE) -> GASOLINA Y/O A.C.P.M. | F97: =+VLOOKUP(A97,MATERIALES,3,FALSE) -> GAL | G97: =+VLOOKUP(A97,MATERIALES,4,FALSE) -> 9270 | H97: =+ROUNDUP(((1/H106)*(2.7/3.78))*1.05*1.05,1) -> 1.7 | I97: =+H97*G97 -> 15759
C98: SUB-TOTAL | J98: =SUM(I93:I97) -> 312345.43
C99: III. TRANSPORTES
C100: =+'[111]HOJA MODELO'!$A$21 -> Descripción | D100: Volumen M3 | E100: Peso (Ton) | F100: Distancia (Km) | G100: Tarifa Escombrera ($/M3) | H100: Tarifa Transporte $/(M3-Km) | I100: Valor-Unit.
C101: TRANSPORTE DE MATERIAL PETREO | D101: =+H94+H95 -> 1.43 | F101: 15 | H101: =+Transporte!E10 -> 1550 | I101: =+H101*F101*D101 -> 33247.5
C103: SUB-TOTAL | J103: =SUM(I101:I102) -> 33247.5
C104: IV. MANO DE OBRA
C105: Trabajador | F105: Jornal/H-H | G105: Unidad | H105: Rendimiento | I105: Valor-Unit.
A106: 3 | C106: =+VLOOKUP(A106,MO,2,FALSE) -> Oficial (Incl. Prestaciones) | F106: =+VLOOKUP(A106,MO,6,FALSE) -> 15959.191 | G106: 1 | H106: 0.48 | I106: =(F106*G106)/H106 -> 33248.315
A107: 1 | C107: =+VLOOKUP(A107,MO,2,FALSE) -> Ayudante (Incl. Prestaciones) | F107: =+VLOOKUP(A107,MO,6,FALSE) -> 9119.8083 | G107: 5 | H107: 0.48 | I107: =(F107*G107)/H107 -> 94998.003
C108: SUB-TOTAL | J108: =SUM(I106:I107) -> 128246.32
C110: VALOR UNITARIO | J110: =ROUND(J90+J98+J103+J108,0) -> 505440
C114: ANÁLISIS DE PRECIOS UNITARIOS
C116: =+'Ingeniero y obra'!$B$5 -> "REALIZAR OBRAS DE MANTENIMIENTO A LAS SEDES DONDE FUNCIONA LA DIRECCION REGIONAL Y DEL CENTRO DE LA INDUSTRIA, LA EMPRESA Y LOS SERVICIOS DEL SENA REGIONAL HUILA " | G116: ITEM | H116: MORTERO 1:3
G119: UNIDAD: | H119: M3 | M119: =1/0.52 -> 1.9230769 | N119: =2.7/3.78 -> 0.71428571 | O119: =+M119*N119*1.05 -> 1.4423077 | P119: =+O119*1.05 -> 1.5144231
C120: I. EQUIPO
C121: Descripción | G121: Tarifa/Hora | H121: Rendimiento | I121: Valor-Unit.
A122: 1.16 | C122: =+ VLOOKUP(A122,MAQYEQUIP,2,FALSE) -> MEZCLADORA DE CONCRETO 9 P3. | G122: =+VLOOKUP(A122,MAQYEQUIP,5,FALSE) -> 9012.5 | H122: =+H141 -> 0.52 | I122: =G122/H122 -> 17331.731
A123: 1,12,1 | C123: =+ VLOOKUP(A123,MAQYEQUIP,2,FALSE) -> HERRAMIENTA MENOR (10% MO) | G123: Global | H123: 0.1 | I123: =+H123*J143 -> 11838.122
C126: SUB-TOTAL | J126: =SUM(I122:I125) -> 29169.852
C127: II. MATERIALES
C128: Descripción | F128: Unidad | G128: Precio-Unit. | H128: Cantidad | I128: Valor-Unit.
A129: 2.12 | C129: =+VLOOKUP(A129,MATERIALES,2,FALSE) -> CEMENTO GRIS (PUESTO EN OBRA) | F129: =+VLOOKUP(A129,MATERIALES,3,FALSE) -> KG | G129: =+VLOOKUP(A129,MATERIALES,4,FALSE) -> 560 | H129: =454 -> 454 | I129: =+H129*G129 -> 254240
A130: 2.4 | C130: =+VLOOKUP(A130,MATERIALES,2,FALSE) -> ARENA REBOQUE - FINA | F130: =+VLOOKUP(A130,MATERIALES,3,FALSE) -> M3 | G130: =+VLOOKUP(A130,MATERIALES,4,FALSE) -> 49440 | H130: =1.09 -> 1.09 | I130: =+H130*G130 -> 53889.6
A131: 7.4 | C131: =+VLOOKUP(A131,MATERIALES,2,FALSE) -> AGUA | F131: =+VLOOKUP(A131,MATERIALES,3,FALSE) -> LT | G131: =+VLOOKUP(A131,MATERIALES,4,FALSE) -> 38 | H131: =240 -> 240 | I131: =+H131*G131 -> 9120
A132: 2,2,1 | C132: =+VLOOKUP(A132,MATERIALES,2,FALSE) -> GASOLINA Y/O A.C.P.M. | F132: =+VLOOKUP(A132,MATERIALES,3,FALSE) -> GAL | G132: =+VLOOKUP(A132,MATERIALES,4,FALSE) -> 9270 | H132: =+ROUNDUP(((1/H141)*(2.7/3.78))*1.05*1.05,1) -> 1.6 | I132: =+H132*G132 -> 14832
C133: SUB-TOTAL | J133: =SUM(I129:I132) -> 332081.6
C134: III. TRANSPORTES
C135: =+'[111]HOJA MODELO'!$A$21 -> Descripción | D135: Volumen M3 incluye expansión | E135: Peso (Ton) | F135: Distancia (Km) | G135: Tarifa Escombrera ($/M3) | H135: Tarifa Transporte $/(M3-Km) | I135: Valor-Unit.
C136: TRANSPORTE DE MATERIAL PETREO | D136: =+H130 -> 1.09 | F136: 15 | H136: =+Transporte!E10 -> 1550 | I136: =+H136*F136*D136 -> 25342.5
...
